 Dungeon Crawl Stone Soup version 0.21-a0-94-gdd6ab6a (webtiles) character file.

585613 MackTheKnife the Hoplite (level 26, -10/266 HPs)
             Began as a Demonspawn Chaos Knight on July 1, 2017.
             Mangled by an Orb Guardian (18 damage)
             ... on level 5 of the Realm of Zot on July 2, 2017.
             The game lasted 02:04:18 (57062 turns).

MackTheKnife the Hoplite (Demonspawn Chaos Knight) Turns: 57062, Time: 02:04:19

Health: -10/266    AC: 40    Str: 27    XL:     26   Next: 6%
Magic:  20/20      EV: 16    Int: 13    God:    Xom [...*..]
Gold:   3298       SH: 31    Dex: 24    Spells: 25/25 levels left

rFire    + . .     SeeInvis +   a - +9 demon trident (elec)
rCold    + + +     Gourm    .   x - +4 large shield of Sumywuum {rN+}
rNeg     + . .     Faith    +   P - +11 crystal plate armour
rPois    +         Spirit   .   I - +1 hat {SInv}
rElec    +         Reflect  .   S - scarf {repulsion}
rCorr    +         Harm     .   i - +1 pair of gloves
MR       +++..     Rnd*Tele +   (boots unavailable)
Stlth    ..........             F - amulet "Jaorewk" {Faith rPois rC+ Dex+3 SInv}
HPRegen  0.94/turn              m - +6 ring of strength
MPRegen  0.17/turn              Z - ring of protection from magic {MR+, !d}

@: resistant, liquefying, berserk cooldown, slowed, slowed movement, repel
missiles, very slow
A: talons 3, agile 2, blurry vision 1, cold resistance 1, demonic guardian 3,
low mp 1, magic resistance 1, nightstalker 2, sense surroundings 1, regeneration
1, robust 2, screaming 1, electricity resistance, teleportitis 1, augmentation
3, no potion heal 2, sturdy frame 3
}: 3/15 runes: decaying, abyssal, gossamer
a: Renounce Religion


You were on level 5 of the Realm of Zot.
You worshipped Xom.
You were a favourite toy of Xom.
You were not hungry.

You visited 9 branches of the dungeon, and saw 48 of its levels.
You visited the Abyss 3 times.
You visited 1 bazaar.
You also visited: Trove and Ossuary.

You collected 8256 gold pieces.
You spent 4958 gold pieces at shops.

Inventory:

Hand Weapons
 a - a +9 demon trident of electrocution (weapon)
   (You bought it in a shop on level 8 of the Dungeon)
Missiles
 Q - a throwing net {=f, !d}
Armour
 i - a +1 pair of gloves (worn)
   (You found it on level 2 of the Dungeon)
 x - the +4 large shield of Sumywuum (worn) {rN+}
   (You bought it in a shop on level 8 of the Dungeon)

   It protects you from negative energy.
 I - a +1 hat of see invisible (worn)
   (You found it on level 8 of the Dungeon)
 L - a +2 cloak of magic resistance
   (You took it off a draconian knight on level 4 of the Realm of Zot)
 P - a +11 crystal plate armour (worn)
   (You acquired it on level 12 of the Dungeon)
 S - a scarf of repulsion (worn)
   (You found it on level 6 of the Lair of Beasts)
Jewellery
 d - an uncursed ring of protection from fire {rF+, !d}
   (You found it on level 1 of the Dungeon)
 m - a +6 ring of strength (left hand)
   (You bought it in a shop on level 2 of the Orcish Mines)
 p - an uncursed ring of protection from cold {rC+, !d}
   (You found it on level 14 of the Dungeon)
 F - the amulet "Jaorewk" (around neck) {Faith rPois rC+ Dex+3 SInv}
   (You found it in a treasure trove)

   [amulet of faith]

   It allows you to gain divine favour quickly.
   It affects your dexterity (+3).
   It protects you from cold.
   It protects you from poison.
   It lets you see invisible.
 N - an uncursed ring of positive energy {rN+}
   (You found it on level 2 of the Lair of Beasts)
 O - an uncursed amulet of regeneration {+regen, !d}
   (You found it on level 3 of the Lair of Beasts)
 Z - a ring of protection from magic (right hand) {MR+, !d}
   (Xom gifted it to you on level 1 of the Realm of Zot)
Wands
 T - a wand of digging (11/24)
   (You found it on level 4 of the Depths)
 W - a wand of clouds (7/9)
   (Xom gifted it to you on level 12 of the Dungeon)
 Y - a wand of digging (13/24)
   (You found it on level 3 of the Vaults)
Scrolls
 e - 16 scrolls of fog
 g - a scroll of identify
 h - 23 scrolls of remove curse
 q - 8 scrolls of fear
 s - 4 scrolls of teleportation
 t - 4 scrolls of recharging
 w - a scroll of silence
 B - a scroll of magic mapping {!r}
 R - 4 scrolls of blinking {!r}
Potions
 b - 2 potions of agility
 k - 9 potions of ambrosia
 l - 6 potions of curing
 n - 6 potions of haste
 v - a potion of resistance
 A - a potion of cancellation
 D - 2 potions of brilliance
 E - 10 potions of flight
 G - a potion of might
 H - 3 potions of magic
 K - 2 potions of berserk rage {!q}
 X - a potion of invisibility
Miscellaneous
 j - a fan of gales (inert)
   (You found it on level 3 of the Elven Halls)
 o - a sack of spiders
 C - 2 phantom mirrors
 M - a lamp of fire
   (You found it on level 3 of the Swamp)
 V - a phial of floods (inert)
   (You found it on level 12 of the Dungeon)
Comestibles
 c - 10 bread rations {@e1}
 f - 35 fruits
 r - 29 royal jellies
 z - 17 meat rations {@e2}


   Skills:
 - Level 21.2 Fighting
   Level 12.9(16.4) Axes
 - Level 16.8(18.3) Polearms
 - Level 19.0 Armour
 - Level 11.1 Dodging
 + Level 24.3 Shields


You had 25 spell levels left.
You didn't know any spells.

Dungeon Overview and Level Annotations

Branches:
Dungeon (15/15)            Temple (0/1) D:5            Lair (6/6) D:9
  Swamp (4/4) Lair:3       Spider (4/4) Lair:2        Slime (0/5) Lair:6
    Orc (2/2) D:12            Elf (3/3) Orc:2        Vaults (4/5) D:14
  Crypt (0/3) Vaults:2     Depths (5/5) D:15            Zot (5/5) Depths:5

Altars:
Ashenzari
Dithmenos
Fedhas
Gozag
Kikubaaqudgha
Makhleb
Nemelex Xobeh
Okawaru
Trog
Uskayaw
Vehumet
Xom
Yredelemnul
The Shining One
Beogh
Lugonu

Shops:
D:4 *   D:5 *   D:8 *:(   D:12 !   Orc:2 =%}:   Zot:4 *   Depths:3 }}

Portals:
Hell: Lair:6 Depths:1 Depths:2 Depths:3 Depths:4 Depths:5
Abyss: Depths:1 Depths:2 Depths:4 Depths:5
Pandemonium: Depths:2 Depths:3
Ziggurat: Depths:1

Annotations:
Lair:5 exclusion: 2 oklob plants
Elf:2 3 runed doors
Zot:3 exclusion: upstairs


Innate Abilities, Weirdness & Mutations

You have claws for feet.
A powerful demonic guardian rushes to your aid.
You are significantly more attuned to the shadows.
Your magical and physical power is greatly enhanced at high health.
Your movements are significantly less encumbered by armour. (ER -6)
You are very agile. (Dex +4)
Scrolls take you a little longer to read.
Your flesh is cold resistant. (rC+)
Your magical capacity is low. (-10% MP)
You are resistant to hostile enchantments. (MR+)
You passively map a small area around you.
Your natural rate of healing is unusually fast.
You are very robust. (+20% HP)
You occasionally shout uncontrollably at your foes.
You are resistant to electric shocks. (rElec)
You are occasionally teleported next to monsters.
Potions are poor at restoring your health.


Message History

Unknown command.
Okay, then.
Really read
R - 4 scrolls of blinking {!r}?
Your blink will be uncontrolled - continue anyway?
Really read with blurry vision while enemies are nearby?
Okay, then.
There are monsters nearby!
Unknown command.
Unknown command.
Okay, then.
Unknown command.
Okay, then.
Unknown command.
Really quaff
K - 3 potions of berserk rage {!q}?
A red film seems to cover your vision as you go berserk!
You feel yourself moving faster!
You feel mighty!
The orb of fire glows deep purple.
Strange energies course through your body.
You now have 35/399 hp.
Unknown command.
Unknown command.
You hit the orb of fire. You claw the orb of fire.
You closely miss the green draconian monk.
Your unstable footing causes you to fumble your attack.
You block the green draconian monk's attack.
The green draconian monk misses you.
The green draconian monk becomes momentarily stuck in the liquid earth. x2
You closely miss the orb of fire. Your kick misses the orb of fire.
You puncture the green draconian monk!
Lightning courses through the green draconian monk!
The orb of fire emits a lurid red light.
The bolt of fire hits you! You resist.
* * * LOW HITPOINT WARNING * * *
You take 19 damage, and have 17/399 hp.
You perforate the orb of fire like a sieve!!!
You claw the orb of fire. You impale the green draconian monk!!
Your unstable footing causes you to fumble your attack.
The green draconian monk breathes poison at you.
The blast of poison engulfs you!
You are poisoned.
You resist.
* * * LOW HITPOINT WARNING * * *
You take 4 damage, and have 14/399 hp.
You miss the orb of fire. Your kick misses the orb of fire.
You skewer the green draconian monk like a kebab!!!
You feel sick.
Unknown command.
Your unstable footing causes you to fumble your attack.
You block the green draconian monk's attack.
The green draconian monk becomes momentarily stuck in the liquid earth. x2
The green draconian monk barely misses you.
Unknown command.
You impale the orb of fire!! Your kick misses the orb of fire.
You puncture the green draconian monk!
The orb of fire glows deep purple.
The bolt of fire misses you.
You impale the orb of fire!! You claw the orb of fire!!
You barely miss the green draconian monk.
You feel sick.
You take 1 damage, and have 14/399 hp.
You hit the orb of fire. You claw the orb of fire!
You destroy the orb of fire!
You puncture the green draconian monk!
Lightning courses through the green draconian monk!
You kill the green draconian monk!
Really walk into that spear trap?
You avoid triggering a spear trap.
You feel sick.
There is a spear trap here.
You feel a strong urge to attack something.
You regained 2 hp, and now have 16/399 hp.
You are too berserk!
You feel sick.
The Orb Guardian is engulfed in poison gas.
The Orb Guardian is poisoned.
You take 1 damage, and have 15/399 hp.
Unknown command.
You feel your anger subside.
You are no longer berserk.
You are exhausted.
You feel yourself slow down.
Your cleaving frenzy subsides.
The Orb Guardian looks even sicker.
The orb of fire glows bright magenta.
The bolt of fire hits you! You resist.
* * * LOW HITPOINT WARNING * * *
You now have 1/266 hp.
Your system partially rejects the healing.
You feel better.
You regained 4 hp, and now have 5/266 hp.
Okay, then.
Unknown command.
Your surroundings suddenly seem different. 3 Orb Guardians come into view.
Unknown command.
Really read with blurry vision while enemies are nearby?
You found a spear trap!
You found a blade trap!
You found a Zot trap!
You block the Orb Guardian's attack.
You begin reading the scroll.
You continue reading the scroll.
You block the Orb Guardian's attack. The Orb Guardian hits you!!
You die...
Xom bursts into laughter!

,,,,,,,,,,,**** ▓
,,,,,,,,,,,,,,*** ▓▓▓
,,,,,,,,,,,,,,,,** ▓▓2X
,,,,,,∆,,∆,..}..^▓ *▓▓****** ▓.*X
,,,,,,,,,,,......▓*▓..,,,,,**▓X**
,,,,,,,,,,,......▓▓^..,,,,,,*▓1*.
,,,,,,,,,,,......▓..X.,,,,,,,▓8..
,,,,,,,,,,,.....XXX...,∆,,,,.....
,,,,,,,,,,,.....@▓,,,,,,,,,..▓...
,,,,,,,,,,,....?.▓*,,,,,,,,.▓▓...
,,,,,,,,,,,......▓**,,,,,,,**▓...
,,,,,,,,,,,...^..# ********* *,,,
,,,,,,,,,,,.....## **,,
,,,,,,,,,,,...▓#* ***
...,,,,,,,,**** *
..##▓▓▓▓▓#▓▓▓▓▓# #▓
............(..### ###"


You could see 4 Orb Guardians.

Vanquished Creatures
  3 ancient liches (Zot:5)
  5 orbs of fire
  The ghost of Rrauwl the Shatterer, a veteran MiBe of Trog (Zot:5)
  Frederick (Vaults:3)
  Saint Roka (Orc:2)
  A curse toe (Zot:4)
  A Killer Klown (Zot:5)
  A caustic shrike (Zot:4)
  7 golden dragons
  Nikola (Spider:2)
  the Enchantress (Depths:4)
  The ghost of morra the Bludgeoner, an adept OgMo of Ashenzari (Elf:2)
  A hellephant (Abyss:2)
  11 tentacled monstrosities
  Jorgrun (Spider:4)
  3 deep elf blademasters (Elf:3)
  8 Orb Guardians (Zot:5)
  5 quicksilver dragons
  3 titans
  A deep elf master archer (Elf:3)
  2 death cobs
  An Executioner (Abyss:3)
  4 sphinxes
  2 tentacled starspawn
  4 thorn hunters
  13 storm dragons
  Kirke (Lair:5)
  A revenant (Abyss:3)
  7 shadow dragons
  3 tengu reavers
  6 draconian monks
  Aizul (Spider:1)
  6 deep elf sorcerers (Elf:3)
  12 fire giants
  2 orc warlords (Orc:2)
  3 draconian knights
  9 vault wardens
  Louise (D:14)
  6 frost giants
  10 deep elf elementalists
  6 draconian scorchers
  5 emperor scorpions (Spider:4)
  8 draconian shifters
  6 draconian stormcallers
  2 iron dragons
  6 ghost moths
  5 draconian annihilators
  14 stone giants
  13 ironheart preservers
  5 spriggan defenders
  18 very ugly things
  A reaper (Abyss:2)
  4 vampire knights
  15 green draconians
  6 deep elf demonologists (Elf:3)
  8 entropy weavers
  A lorocyproca (Abyss:4)
  10 purple draconians
  10 black draconians
  7 white draconians
  2 deep elf annihilators
  4 spark wasps
  A dire elephant (Lair:6)
  11 yellow draconians
  12 red draconians
  4 ettins
  10 deep elf death magi
  10 fire dragons
  3 merfolk impalers
  15 yaktaur captains
  2 crystal guardians (Vaults:3)
  4 deep elf high priests (Elf:3)
  A green death (Depths:3)
  15 ice dragons
  10 rakshasas
  A monstrous demonspawn (Depths:3)
  A ghost crab (Swamp:4)
  3 spriggan air magi
  24 hydras
  6 great orbs of eyes
  17 vault guards
  4 centaur warriors
  An alligator snapping turtle (Zot:1)
  9 dancing weapons
  5 alligators
  An anaconda (Swamp:3)
  3 death knights
  36 two-headed ogres
  9 deep troll shamans
  3 vampire magi
  12 ogre magi
  A hell hog (Depths:4)
  7 spriggan berserkers
  9 deep troll earth magi
  5 tengu warriors
  3 thrashing horrors (Abyss:4)
  The ghost of Manul the Covert, a journeyman SpAK of Lugonu (D:14)
  5 orc high priests
  22 deep elf knights
  7 hell knights
  7 wretched stars
  2 fire crabs
  A shadow wraith (Vaults:4)
  7 skeletal warriors
  A spatial maelstrom (Abyss:2)
  3 iron trolls
  27 deep trolls
  4 sixfirhies
  A golden dragon zombie (D:15)
  5 unseen horrors
  3 shambling mangroves
  A deep troll (shapeshifter) (Depths:2)
  2 flayed ghosts
  5 wizards
  A death drake (Abyss:2)
  15 swamp dragons
  9 ironbrand convokers
  5 harpies (Vaults:1)
  A golden dragon skeleton (D:15)
  13 starcursed masses
  8 large abominations
  A harpy (shapeshifter) (Vaults:4)
  14 orc knights
  5 necromancers
  The ghost of GordonOverkill the Destroyer, a novice DEFE of Vehumet (D:7)
  18 deep elf archers
  15 orb spiders
  35 ugly things
  6 orc sorcerers
  38 deep elf magi
  A shining eye (Vaults:4)
  A mana viper (Abyss:4)
  2 worldbinders
  33 wolf spiders
  10 cyclopes
  24 moths of wrath
  2 shadow dragon skeletons (Depths:2)
  A centaur zombie (D:12)
  12 vault sentinels
  A stone giant skeleton (Vaults:1)
  2 black mambas
  A guardian serpent (shapeshifter) (Depths:2)
  A rust devil (Depths:3)
  4 smoke demons
  A fire giant skeleton (Depths:2)
  15 spiny frogs
  5 orange demons
  A guardian serpent (Abyss:3)
  2 torpor snails
  A gargoyle (D:15)
  An eye of devastation (shapeshifter) (Depths:2)
  An efreet (Abyss:3)
  11 freezing wraiths
  4 rime drakes
  19 demonic crawlers
  8 komodo dragons
  A yaktaur (shapeshifter) (Vaults:2)
  22 yaktaurs
  An ancient zyme (Abyss:2)
  A tengu conjurer (D:15)
  36 jumping spiders
  2 ice devils
  A jumping spider (shapeshifter) (Vaults:2)
  13 trolls
  2 polar bears
  3 polar bears (shapeshifter)
  9 tyrant leeches
  5 raiju (Abyss:2)
  7 bog bodies
  Prince Ribbit (D:7)
  11 hippogriffs
  21 hornets
  35 slime creatures
  2 hornets (shapeshifter)
  17 blink frogs
  A blink frog (shapeshifter) (Depths:3)
  A dream sheep (Spider:3)
  10 small abominations
  A spriggan zombie (Depths:2)
  A fire giant simulacrum (Vaults:1)
  Sigmund (D:2)
  8 air elementals
  25 tarantellas
  A wyvern (shapeshifter) (Vaults:1)
  5 wyverns
  A wraith (D:10)
  5 shadows
  89 redbacks
  3 ynoxinuls
  20 humans
  A spriggan skeleton (D:15)
  17 water elementals
  9 yaks
  10 spriggans
  Grum (D:9)
  2 hogs (shapeshifter)
  A human (shapeshifter) (Abyss:2)
  A hungry ghost (D:7)
  6 basilisks
  3 yaks (shapeshifter)
  7 hogs
  A golden eye (Abyss:2)
  8 neqoxecs
  5 fire elementals
  10 vampire mosquitoes
  23 swamp worms
  7 wargs
  18 insubstantial wisps
  A spatial vortex (Abyss:3)
  An ogre zombie (Vaults:1)
  A tengu skeleton (D:15)
  10 water moccasins
  2 acid dragons
  4 hell hounds
  6 porcupines
  A floating eye (Depths:2)
  A floating eye (shapeshifter) (Vaults:3)
  9 swamp drakes
  An elf skeleton (Vaults:1)
  An eye of draining (D:8)
  4 ice beasts
  A meliai simulacrum (D:15)
  3 eyes of draining (shapeshifter)
  53 orc warriors
  2 phantoms
  3 sky beasts
  A black bear (shapeshifter) (Elf:1)
  51 ogres
  2 necrophages
  15 boggarts
  6 wolves
  5 centaurs
  16 crocodiles
  A human zombie (Vaults:1)
  3 big kobolds
  20 bullfrogs
  6 earth elementals
  A water moccasin zombie (D:12)
  A wyvern skeleton (D:6)
  4 scorpions
  15 killer bees
  2 electric eels
  23 wights
  5 howler monkeys
  6 crimson imps
  A bullfrog zombie (D:13)
  5 quasits
  3 jellies
  5 hounds
  A bullfrog skeleton (D:9)
  34 orc priests
  23 orc wizards
  Crazy Yiuf (D:3)
  3 centaur skeletons
  2 iron imps (Depths:3)
  Terence (D:2)
  4 iguanas
  Natasha (thrice) (D:2)
  2 hell rats (Lair:6)
  A polar bear simulacrum (D:9)
  7 worker ants
  3 yak simulacra (D:9)
  2 wolf simulacra (D:9)
  8 mummies (Ossuary)
  2 hound skeletons
  2 gnolls (D:5)
  2 howler monkey skeletons
  16 adders
  4 river rats (Lair:6)
  3 shadow imps
  3 white imps
  3 ufetubi
  2 oozes
  An adder zombie (D:6)
  3 adder skeletons
  5 leopard geckos
  132 orcs
  11 bats
  6 giant cockroaches
  11 hobgoblins
  17 jackals
  8 quokkas
  3 ball pythons
  3 frilled lizards
  8 goblins
  2 hobgoblin zombies (Ossuary)
  A jackal zombie (D:7)
  16 kobolds
  2 kobold zombies (Ossuary)
  A leopard gecko skeleton (D:4)
  4 orc zombies (Ossuary)
  A quokka zombie (D:6)
  22 rats
  3 river rat simulacra (D:9)
  A briar patch (Swamp:3)
  A fungus (Lair:6)
  3 starspawn tentacles
2208 creatures vanquished.

Vanquished Creatures (collateral kills)
  3 golden dragons
  An electric golem (Zot:5)
  An Orb Guardian (Zot:5)
  A deep elf blademaster (Elf:3)
  2 tentacled starspawn (Abyss:3)
  A deep elf master archer (Elf:3)
  A storm dragon (Depths:2)
  A draconian monk (Zot:3)
  2 deep elf sorcerers (Elf:3)
  A draconian shifter (Zot:4)
  A draconian annihilator (Zot:2)
  An ironheart preserver (Vaults:4)
  A deep elf elementalist (Elf:3)
  A very ugly thing (Vaults:3)
  3 green draconians
  A black draconian (Zot:2)
  2 deep elf annihilators (Elf:3)
  A red draconian (Zot:1)
  A yellow draconian (Zot:1)
  2 ettins
  2 fire dragons (Depths:3)
  A rakshasa (Depths:3)
  A hydra (Lair:2)
  2 yaktaur captains
  3 ogre magi
  3 two-headed ogres
  A deep troll (Vaults:1)
  A necromancer (D:15)
  A deep elf archer (Elf:3)
  A wolf spider (Spider:4)
  An orb spider (Spider:1)
  A deep elf mage (Elf:3)
  8 ugly things
  2 moths of wrath
  A smoke demon (Lair:6)
  Maurice (D:10)
  A spiny frog (Lair:1)
  3 komodo dragons
  A yaktaur (Vaults:3)
  2 jumping spiders
  A hippogriff (Lair:5)
  A hornet (D:8)
  A slime creature (D:13)
  A large abomination (Abyss:3)
  A water elemental (Depths:2)
  3 redbacks
  2 yaks (Lair:3)
  A hog (Lair:5)
  A water moccasin (Lair:5)
  A hell hound (Lair:6)
  2 orc warriors
  An ice beast (D:9)
  A sky beast (D:7)
  4 ogres
  A phantom (D:5)
  Blork the orc (D:5)
  A bullfrog (D:7)
  3 orc priests
  A wolf simulacrum (D:9)
  An adder skeleton (D:7)
  6 orcs
  A kobold (D:8)
  A fungus (Lair:5)
102 creatures vanquished.

Vanquished Creatures (others)
  An ironheart preserver (Vaults:2)
  A draconian annihilator (Zot:3)
  A deep elf demonologist (Elf:3)
  A purple draconian (Zot:4)
  An alligator (Swamp:3)
  3 dancing weapons
  A two-headed ogre (Depths:3)
  2 deep elf knights
  A deep elf mage (Elf:3)
  A moth of wrath (Zot:4)
  A water elemental (Elf:1)
  2 golden eyes (Abyss:4)
  A chaos spawn (Depths:3)
  An orc warrior (D:8)
  A phantom (D:8)
  An ogre (Vaults:4)
  An orc (Vaults:4)
  A bush (Lair:1)
  A fire vortex (D:3)
  2 fungi
  A plant (Lair:1)
  6 starspawn tentacles
  6 toadstools (Swamp:1)
  2 withered plants (D:15)
40 creatures vanquished.

Grand Total: 2350 creatures vanquished

Notes
Turn   | Place    | Note
-------+----------+-------------------------------------------
     0 | D:1      | MackTheKnife the Demonspawn Chaos Knight began the quest for the Orb.
     0 | D:1      | Reached XP level 1. HP: 18/18 MP: 1/1
    19 | D:1      | Reached skill level 3 in Axes
    57 | D:1      | Gained mutation: Your movements are slightly less encumbered by armour. (ER -2) [demonic ancestry]
    57 | D:1      | Reached XP level 2. HP: 20/24 MP: 2/2
   119 | D:1      | XOM: smoke on damage
   159 | D:1      | XOM: silly message
   170 | D:1      | XOM: 3-stop teleportation journey
   272 | D:1      | XOM: give mutations
   272 | D:1      | Gained mutation: Your muscles are strong. (Str +2) [Xom's grace]
   272 | D:1      | Gained mutation: You are resistant to electric shocks. (rElec) [Xom's grace]
   272 | D:1      | Gained mutation: You are resistant to hostile enchantments. (MR+) [Xom's grace]
   272 | D:1      | Gained mutation: Your flesh is heat resistant. (rF+) [Xom's grace]
   301 | D:1      | Gained mutation: You have sharp toenails. [demonic ancestry]
   301 | D:1      | Reached XP level 3. HP: 24/29 MP: 3/3
   385 | D:1      | XOM: mild Pois miscast
   402 | D:1      | XOM: noise
   528 | D:1      | XOM: harmless Air miscast
   566 | D:1      | Reached skill level 4 in Axes
   760 | D:1      | XOM: silly message
   778 | D:2      | Noticed Sigmund
   779 | D:2      | Lost mutation: Your muscles are strong. (Str +2) [potion of mutation]
   779 | D:2      | Lost mutation: Your flesh is heat resistant. (rF+) [potion of mutation]
   779 | D:2      | Gained mutation: You have sharp fingernails. [potion of mutation]
   779 | D:2      | Gained mutation: Your flesh is cold resistant. (rC+) [potion of mutation]
   782 | D:2      | XOM: noise
   783 | D:2      | XOM: divination: detect creatures
   786 | D:2      | Killed Sigmund
   786 | D:2      | Reached skill level 5 in Axes
   786 | D:2      | Reached XP level 4. HP: 35/35 MP: 4/4
   786 | D:2      | Gained mutation: You have razor-sharp toenails. [demonic ancestry]
   786 | D:2      | Reached XP level 5. HP: 41/41 MP: 5/5
  1065 | D:2      | XOM: harmless Tmut miscast
  1127 | D:2      | Reached skill level 6 in Axes
  1161 | D:2      | Noticed Natasha
  1162 | D:2      | Noticed Terence
  1178 | D:2      | Killed Terence
  1181 | D:2      | Found a shadowy altar of Dithmenos.
  1203 | D:2      | Killed Natasha
  1203 | D:2      | Gained mutation: A weak demonic guardian rushes to your aid. [demonic ancestry]
  1203 | D:2      | Reached XP level 6. HP: 27/47 MP: 6/6
  1270 | D:2      | Noticed Natasha
  1277 | D:2      | Killed Natasha
  1308 | D:2      | Noticed Natasha
  1317 | D:2      | Killed Natasha
  1409 | D:2      | XOM: harmless Chrm miscast
  1439 | D:2      | XOM: polymorph bat -> frilled lizard
  1590 | D:2      | XOM: divination: detect creatures
  2021 | D:3      | XOM: mild Fire miscast
  2232 | D:3      | Found a runed door.
  2312 | D:3      | Noticed Crazy Yiuf
  2316 | D:3      | Killed Crazy Yiuf
  2385 | D:4      | Reached skill level 7 in Axes
  2724 | D:4      | XOM: noise
  2817 | D:4      | Found a burning altar of Makhleb.
  2836 | D:4      | Reached XP level 7. HP: 52/52 MP: 7/7
  2837 | D:4      | XOM: divination: detect items
  2895 | D:4      | XOM: god gift: scroll of teleportation
  2924 | D:4      | Found Koured's General Store.
  2932 | D:4      | Bought a potion of berserk rage for 60 gold pieces
  3135 | D:5      | Entered Level 5 of the Dungeon
  3242 | D:5      | Reached skill level 8 in Axes
  3320 | D:5      | Noticed Blork the orc
  3325 | D:5      | Killed Blork the orc
  3360 | D:5      | Found a staircase to the Ecumenical Temple.
  3419 | D:5      | XOM: divination: magic mapping
  3454 | D:5      | XOM: fog
  3468 | D:5      | XOM: summons 7 friendly demons
  3686 | D:5      | You fall through a shaft!
  3686 | D:6      | XOM: give mutations
  3686 | D:6      | Gained mutation: You passively map a small area around you. [Xom's grace]
  3686 | D:6      | Gained mutation: You are highly resistant to hostile enchantments. (MR++) [Xom's grace]
  3699 | D:6      | Gained mutation: Your movements are less encumbered by armour. (ER -4) [demonic ancestry]
  3699 | D:6      | Reached XP level 8. HP: 58/58 MP: 8/8
  3701 | D:6      | Reached skill level 9 in Axes
  3858 | D:5      | Found an iron altar of Okawaru.
  3901 | D:5      | Found Riqofuuj's Assorted Antiques.
  3904 | D:5      | Bought a scroll labeled XUSOET DAUX for 20 gold pieces
  3904 | D:5      | Bought a scroll labeled YNEXUAR SETUWN for 20 gold pieces
  3958 | D:5      | Found an opulent altar of Gozag.
  4022 | D:5      | Found a shattered altar of Ashenzari.
  4070 | D:5      | Found a blossoming altar of Fedhas.
  4338 | D:6      | Reached skill level 4 in Fighting
  4619 | D:6      | XOM: cloud trail
  4780 | D:6      | XOM: scenery: create altars
  4920 | D:7      | Found an ancient bone altar of Kikubaaqudgha.
  4921 | D:7      | Found a hide-covered altar of Uskayaw.
  4928 | D:7      | Found an iron altar of Okawaru.
  4929 | D:7      | Found a bloodstained altar of Trog.
  4931 | D:7      | Found a glowing golden altar of the Shining One.
  4968 | D:7      | XOM: god gift: meat ration
  5007 | D:7      | XOM: enchant monster (good)
  5019 | D:7      | XOM: enchant monster (good)
  5025 | D:7      | HP: 20/90 [orc warrior/dire flail (13)]
  5031 | D:7      | Reached skill level 10 in Axes
  5103 | D:7      | XOM: scenery: create altars
  5213 | D:7      | XOM: give mutation
  5213 | D:7      | Gained mutation: You have a pair of small antennae on your head. [Xom's grace]
  5224 | D:7      | Found a basalt altar of Yredelemnul.
  5436 | D:7      | XOM: cloud trail
  5458 | D:7      | Noticed a hippogriff
  5460 | D:7      | XOM: fog
  5466 | D:7      | Killed a hippogriff
  5466 | D:7      | Gained mutation: You have claws for feet. [demonic ancestry]
  5466 | D:7      | Reached XP level 9. HP: 31/66 MP: 9/9
  5842 | D:7      | Noticed Prince Ribbit
  5845 | D:7      | XOM: enchant monster (bad)
  5860 | D:7      | HP: 14/66 [something (8)]
  5861 | D:7      | HP: 2/66 [something (12)]
  5914 | D:7      | Reached skill level 11 in Axes
  5916 | D:7      | XOM: scenery: create altars
  6149 | D:7      | Noticed GordonOverkill's ghost (novice DEFE)
  6163 | D:7      | Killed GordonOverkill's ghost
  6375 | D:7      | Killed Prince Ribbit
  6375 | D:7      | Reached skill level 12 in Axes
  6635 | D:7      | XOM: summons friendly ufetubus
  6675 | D:8      | Found a sand-covered staircase.
  6680 | Ossuary  | Entered an ossuary
  6688 | Ossuary  | XOM: confusion
  6923 | D:8      | XOM: enchant monster (bad)
  6928 | D:8      | Gained mutation: You are slightly more attuned to the shadows. [demonic ancestry]
  6928 | D:8      | Reached XP level 10. HP: 59/73 MP: 10/10
  6936 | D:8      | HP: 15/73 [phantom (4)]
  6938 | D:8      | HP: 6/73 [poisoned by a killer bee]
  6940 | D:8      | HP: 2/73 [poisoned by a killer bee]
  6969 | D:8      | XOM: destruction
  7002 | D:8      | XOM: give mutations
  7002 | D:8      | Gained mutation: Your muscles are strong. (Str +2) [Xom's grace]
  7002 | D:8      | Gained mutation: You can translocate small distances at will. [Xom's grace]
  7002 | D:8      | Gained mutation: Your spells are a little harder to cast, but a little more powerful. [Xom's grace]
  7002 | D:8      | Gained mutation: You have a pair of antennae on your head. [Xom's grace]
  7234 | D:8      | Found Byiheqeu's Weapon Boutique.
  7243 | D:8      | Found a radiant altar of Vehumet.
  7250 | D:8      | Found Ifus's Assorted Antiques.
  7254 | D:8      | XOM: fog
  7258 | D:8      | XOM: fog
  7311 | D:8      | Found Veckepi's Book Shoppe.
  7511 | D:8      | Reached skill level 5 in Fighting
  7705 | D:8      | Found a sparkling altar of Nemelex Xobeh.
  7724 | D:8      | Found a transporter.
  7798 | D:8      | XOM: divine lightning
  7816 | D:8      | Reached skill level 6 in Fighting
  7843 | D:8      | XOM: confuse monster(s)
  8003 | D:8      | XOM: god gift: amethyst potion {god gift}
  8409 | D:8      | XOM: cleaving
  8409 | D:8      | XOM: smoke on damage
  8410 | D:8      | Reached skill level 7 in Fighting
  8457 | D:8      | XOM: give mutations
  8457 | D:8      | Gained mutation: Your spells are harder to cast, but more powerful. [Xom's grace]
  8457 | D:8      | Gained mutation: You are agile. (Dex +2) [Xom's grace]
  8464 | D:8      | Found a corrupted altar of Lugonu.
  8470 | D:8      | Noticed a green ugly thing
  8471 | D:8      | Noticed a purple ugly thing
  8471 | D:8      | XOM: fog
  8474 | D:8      | Noticed a white ugly thing
  8474 | D:8      | XOM: cast spell 'Summon Mana Viper'
  8475 | D:8      | Noticed a brown ugly thing
  8478 | D:8      | Killed a green ugly thing
  8479 | D:8      | Noticed a white ugly thing
  8479 | D:8      | Reached skill level 8 in Fighting
  8484 | D:8      | XOM: polymorph small abomination -> necrophage
  8617 | D:8      | XOM: noise
  8865 | D:9      | Noticed Grum
  8881 | D:9      | XOM: confusion (+ monsters)
  8886 | D:9      | XOM: noise
  8894 | D:9      | Killed Grum
  8907 | D:9      | Reached skill level 9 in Fighting
  9021 | D:9      | HP: 20/83 [hog (5)]
  9034 | D:9      | HP: 16/83 [hog (1)]
  9367 | D:9      | Found a staircase to the Lair.
  9372 | D:9      | XOM: give mutations
  9372 | D:9      | Lost mutation: You are agile. (Dex +2) [Xom's mischief]
  9372 | D:9      | Lost mutation: Your spells are harder to cast, but more powerful. [Xom's mischief]
  9372 | D:9      | Gained mutation: You are clumsy. (Dex -2) [Xom's mischief]
  9372 | D:9      | Lost mutation: You can translocate small distances at will. [Xom's mischief]
  9420 | D:9      | XOM: give mutations
  9420 | D:9      | Lost mutation: You are clumsy. (Dex -2) [Xom's mischief]
  9420 | D:9      | Lost mutation: Your muscles are strong. (Str +2) [Xom's mischief]
  9420 | D:9      | Lost mutation: You have a pair of antennae on your head. [Xom's mischief]
  9420 | D:9      | Gained mutation: You are dopey. (Int -2) [Xom's mischief]
  9427 | D:9      | Gained mutation: Your movements are significantly less encumbered by armour. (ER -6) [demonic ancestry]
  9427 | D:9      | Reached XP level 11. HP: 90/90 MP: 11/11
  9662 | D:9      | XOM is BORED!
  9662 | D:9      | XOM: give mutation
  9662 | D:9      | Lost mutation: You have a pair of small antennae on your head. [Xom's mischief]
  9788 | D:9      | Reached skill level 10 in Fighting
  9789 | D:9      | XOM: enchant monster (good)
  9792 | D:9      | Noticed a necromancer
 10044 | D:9      | Killed a necromancer
 10280 | D:10     | Entered Level 10 of the Dungeon
 10287 | D:10     | Noticed Maurice
 10296 | D:10     | Killed Maurice
 10365 | D:10     | XOM: 1-stop teleportation journey
 10397 | D:10     | XOM: silly message
 10592 | D:10     | XOM: cast spell 'Ring of Flames'
 10594 | D:10     | XOM: confusion
 10716 | D:10     | XOM: enchant monster (bad)
 10872 | D:10     | Reached skill level 11 in Fighting
 11030 | D:11     | Noticed a two-headed ogre
 11031 | D:11     | XOM: swap monsters
 11289 | D:8      | Bought a glowing demon trident for 576 gold pieces
 11332 | Lair:1   | Entered Level 1 of the Lair of Beasts
 11411 | Lair:1   | Reached skill level 1 in Polearms
 11427 | Lair:1   | Noticed a five-headed hydra
 11431 | Lair:1   | XOM: enchant monster (bad)
 11432 | Lair:1   | XOM: harmless Chrm miscast
 11446 | Lair:1   | XOM: 1-stop teleportation journey
 11580 | Lair:1   | Reached skill level 2 in Polearms
 11586 | Lair:1   | XOM: mild Conj miscast
 11882 | Lair:1   | XOM: 4-stop teleportation journey
 11986 | Lair:1   | Reached skill level 3 in Polearms
 12147 | Lair:1   | XOM: give mutations
 12147 | Lair:1   | Gained mutation: You can translocate small distances at will. [Xom's grace]
 12147 | Lair:1   | Gained mutation: You are extremely resistant to the effects of hostile enchantments. (MR+++) [Xom's grace]
 12147 | Lair:1   | Gained mutation: Your spells are harder to cast, but more powerful. [Xom's grace]
 12436 | Lair:2   | Found a hole to the Spider Nest.
 12468 | Lair:2   | XOM: potion effect (haste)
 12503 | Lair:2   | Reached skill level 4 in Polearms
 12598 | Lair:2   | XOM: polymorph komodo dragon -> shapeshifter
 12760 | Lair:2   | XOM: summons 5 friendly demons
 12764 | Lair:2   | Killed a five-headed hydra
 12764 | Lair:2   | Reached skill level 5 in Polearms
 12821 | Lair:2   | XOM: scenery: create altars
 12843 | Lair:2   | Reached skill level 6 in Polearms
 13507 | Lair:3   | XOM: god gift: 41 gold pieces
 13584 | Lair:3   | XOM: scenery: create altars
 13585 | Lair:3   | XOM: summons friendly shadow imp
 13590 | Lair:3   | XOM: confuse monster(s)
 13596 | Lair:3   | XOM: cast spell 'Necromutation'
 13800 | Lair:3   | XOM: harmless Summ miscast
 13966 | Lair:3   | Reached skill level 7 in Polearms
 13971 | Lair:3   | XOM: 1-stop teleportation journey
 13993 | Lair:3   | Got a transparent flail
 13996 | Lair:3   | XOM: snakes to sticks
 14004 | Lair:3   | XOM: summons 11 friendly demons
 14011 | Lair:3   | Reached XP level 12. HP: 68/100 MP: 12/12
 14103 | Lair:3   | XOM is BORED!
 14103 | Lair:3   | XOM: stat loss: -3 Str (12/15)
 14239 | Lair:3   | Found a staircase to the Swamp.
 14243 | Lair:3   | Reached skill level 8 in Polearms
 14297 | Lair:3   | XOM: confusion (+ monsters)
 14867 | Lair:3   | XOM: chaos cloud
 15007 | Lair:3   | XOM: torment (51/100 hp)
 15029 | Lair:3   | XOM: give mutations
 15029 | Lair:3   | Lost mutation: Your spells are harder to cast, but more powerful. [Xom's mischief]
 15029 | Lair:3   | Gained mutation: Your system is resistant to poisons. (rPois) [Xom's mischief]
 15029 | Lair:3   | Lost mutation: You are extremely resistant to the effects of hostile enchantments. (MR+++) [Xom's mischief]
 15029 | Lair:3   | Gained mutation: Armour fits poorly on your strangely shaped body. [Xom's mischief]
 15031 | Lair:3   | HP: 23/100 [swamp worm (15)]
 15215 | Lair:3   | XOM: harmless Conj miscast
 15619 | Lair:4   | Reached skill level 9 in Polearms
 15994 | Lair:4   | Lost mutation: You are dopey. (Int -2) [potion of mutation]
 15994 | Lair:4   | Lost mutation: You can translocate small distances at will. [potion of mutation]
 15994 | Lair:4   | Lost mutation: Your system is resistant to poisons. (rPois) [potion of mutation]
 15994 | Lair:4   | Lost mutation: You passively map a small area around you. [potion of mutation]
 15994 | Lair:4   | Gained mutation: You possess an exceptional clarity of mind. [potion of mutation]
 15994 | Lair:4   | Gained mutation: You are extremely resistant to the effects of hostile enchantments. (MR+++) [potion of mutation]
 15994 | Lair:4   | Gained mutation: You are robust. (+10% HP) [potion of mutation]
 15995 | Lair:4   | Lost mutation: You are extremely resistant to the effects of hostile enchantments. (MR+++) [potion of mutation]
 15995 | Lair:4   | Lost mutation: Armour fits poorly on your strangely shaped body. [potion of mutation]
 15995 | Lair:4   | Gained mutation: Your spells are harder to cast, but more powerful. [potion of mutation]
 15995 | Lair:4   | Gained mutation: You are agile. (Dex +2) [potion of mutation]
 16103 | Lair:5   | XOM: fog
 16136 | Lair:5   | Noticed Kirke
 16139 | Lair:5   | XOM: summons 4 friendly demons
 16147 | Lair:5   | Killed Kirke
 16147 | Lair:5   | Reached skill level 10 in Polearms
 16372 | Lair:5   | XOM: scenery: create altars
 16390 | Lair:5   | XOM: confuse monster(s)
 16433 | Lair:5   | Noticed a seven-headed hydra
 16439 | Lair:5   | Killed a seven-headed hydra
 16439 | Lair:5   | Reached skill level 11 in Polearms
 16474 | Lair:5   | XOM: 4-stop teleportation journey
 16538 | Lair:5   | XOM: scenery: create altars
 16708 | Lair:5   | XOM: give mutations
 16708 | Lair:5   | Gained mutation: Your muscles are strong. (Str +2) [Xom's grace]
 16708 | Lair:5   | Gained mutation: You are somewhat resistant to further mutation. [Xom's grace]
 16708 | Lair:5   | Gained mutation: You are covered in fur. (AC +1) [Xom's grace]
 16708 | Lair:5   | Gained mutation: You have an increased reservoir of magic. (+10% MP) [Xom's grace]
 16754 | Lair:6   | Entered Level 6 of the Lair of Beasts
 16778 | Lair:5   | XOM: give mutation
 16778 | Lair:5   | Gained mutation: Your flesh is heat resistant. (rF+) [Xom's grace]
 16830 | Lair:5   | XOM: give mutation
 16830 | Lair:5   | Gained mutation: Your spells are much harder to cast, but much more powerful. [Xom's grace]
 17100 | Lair:5   | XOM: scenery: create altars
 17254 | Lair:6   | Noticed an eight-headed hydra
 17282 | Lair:6   | Killed an eight-headed hydra
 17284 | Lair:6   | XOM: 1-stop teleportation journey
 17355 | Lair:6   | Noticed a five-headed hydra
 17371 | Lair:6   | Killed a five-headed hydra
 17401 | Lair:6   | Reached skill level 1 in Dodging
 17432 | Lair:6   | Reached skill level 2 in Armour
 17438 | Lair:6   | Reached XP level 13. HP: 46/116 MP: 14/14
 17593 | Lair:6   | Reached skill level 2 in Dodging
 17604 | Lair:6   | Found a staircase to the Slime Pits.
 17604 | Lair:6   | XOM: 10-stop teleportation journey
 17728 | Lair:6   | Reached skill level 3 in Armour
 17819 | Lair:6   | Reached skill level 3 in Dodging
 17827 | Lair:6   | XOM: smoke on damage
 17913 | Lair:6   | XOM: polymorph shadow imp -> iron imp
 17934 | Lair:6   | Noticed a dire elephant
 17944 | Lair:6   | Killed a dire elephant
 17944 | Lair:6   | Reached skill level 4 in Armour
 18064 | Lair:6   | Found a burning altar of Makhleb.
 18070 | Lair:6   | XOM: potion effect (heal wounds)
 18077 | Lair:6   | Reached skill level 4 in Dodging
 18088 | Lair:6   | XOM: divination: detect creatures
 18093 | Lair:6   | Reached skill level 5 in Armour
 18100 | Lair:6   | XOM: noise
 18116 | Lair:6   | Found a gateway to Hell.
 18138 | Lair:6   | XOM: cloud trail
 18434 | Lair:6   | Reached skill level 5 in Dodging
 18463 | Lair:6   | XOM: harmless Fire miscast
 18514 | Lair:5   | XOM: harmless Necr miscast
 18606 | D:10     | XOM: summons friendly crimson imp
 18614 | D:11     | XOM: divination: detect items
 18696 | D:11     | XOM: god gift: hand crossbow {god gift}
 18791 | D:11     | Reached skill level 6 in Armour
 19048 | D:11     | XOM: god gift: potion of mutation
 19049 | D:11     | Reached skill level 6 in Dodging
 19088 | D:12     | XOM: 4-stop teleportation journey
 19242 | D:12     | Found Zazayclu's Distillery.
 19245 | D:12     | Bought 2 potions of haste for 280 gold pieces
 19245 | D:12     | Identified the +5 flail "Babresea" {flame, *Corrode rElec Int+7 Stlth+} (You found it on level 3 of the Lair of Beasts)
 19312 | D:12     | Identified a scroll of acquirement
 19426 | D:12     | XOM: god gift: wand of clouds (?/9) {god gift}
 19504 | D:12     | Found a staircase to the Orcish Mines.
 19519 | D:12     | XOM: mild Tloc miscast
 19585 | D:12     | XOM: fog
 19656 | D:12     | XOM: god gift: royal jelly
 19674 | Orc:1    | Entered Level 1 of the Orcish Mines
 19681 | Orc:1    | Reached skill level 7 in Armour
 19708 | Orc:1    | XOM: polymorph iron imp -> crimson imp
 19883 | Orc:1    | XOM: divination: detect creatures
 19962 | Orc:1    | XOM: give mutations
 19962 | Orc:1    | Lost mutation: You are highly resistant to hostile enchantments. (MR++) [Xom's mischief]
 19962 | Orc:1    | Lost mutation: You have an increased reservoir of magic. (+10% MP) [Xom's mischief]
 19962 | Orc:1    | Lost mutation: You have sharp fingernails. [Xom's mischief]
 20034 | Orc:1    | XOM: noise
 20056 | Orc:2    | Entered Level 2 of the Orcish Mines
 20114 | Orc:2    | Reached skill level 7 in Dodging
 20578 | Orc:1    | XOM: harmless Air miscast
 20651 | Orc:1    | Found a bloodstained altar of Trog.
 20858 | Orc:2    | XOM: blink monster(s)
 20859 | Orc:2    | Gained mutation: Your magical and physical power is slightly enhanced at high health. [demonic ancestry]
 20859 | Orc:2    | Reached XP level 14. HP: 124/124 MP: 14/14
 20972 | Orc:2    | XOM: polymorph orc warrior -> acid dragon
 20985 | Orc:2    | Found a staircase to the Elven Halls.
 21045 | Orc:2    | XOM: cleaving
 21159 | Orc:2    | Noticed Saint Roka
 21177 | Orc:2    | Reached skill level 8 in Armour
 21221 | Orc:2    | XOM: god gift: 56 gold pieces
 21257 | Orc:2    | XOM: summons friendly shadow imp
 21307 | Orc:2    | Noticed an orc warlord
 21312 | Orc:2    | Reached skill level 8 in Dodging
 21312 | Orc:2    | XOM: blink monster(s)
 21324 | Orc:2    | Killed an orc warlord
 21343 | Orc:2    | Found a roughly hewn altar of Beogh.
 21343 | Orc:2    | XOM: potion effect (heal wounds)
 21345 | Orc:2    | XOM: blink monster(s)
 21410 | Orc:2    | Found Goh Usm's Jewellery Emporium.
 21413 | Orc:2    | XOM: divination: detect creatures
 21426 | Orc:2    | Bought a +6 ring of strength for 702 gold pieces
 21450 | Orc:2    | Found Fasti's Food Shoppe.
 21608 | Orc:2    | Noticed an orc warlord
 21621 | Orc:2    | Killed an orc warlord
 21621 | Orc:2    | Reached skill level 9 in Armour
 21716 | Orc:2    | XOM is BORED!
 21716 | Orc:2    | XOM: medium Pois miscast
 21787 | Orc:2    | XOM: confuse monster(s)
 21799 | Orc:2    | Killed Saint Roka
 21811 | Orc:2    | XOM: mild Air miscast
 21839 | Orc:2    | Found a roughly hewn altar of Beogh.
 21865 | Orc:2    | Found Aratier's Gadget Shoppe.
 21865 | Orc:2    | XOM: potion effect (invisibility)
 21877 | Orc:2    | XOM: silly message
 21878 | Orc:2    | Reached skill level 12 in Fighting
 21908 | Orc:2    | Found Oruomoik's Book Boutique.
 21975 | Orc:2    | XOM: harmless Tloc miscast
 22159 | Orc:2    | XOM: silly message
 22498 | Orc:2    | XOM: silly message
 22629 | D:13     | Reached skill level 10 in Armour
 22663 | D:13     | XOM: harmless Tloc miscast
 22738 | D:13     | XOM: mild Fire miscast
 22820 | D:13     | XOM: divination: detect creatures
 22878 | D:13     | XOM: harmless Hex miscast
 23204 | D:13     | XOM: harmless Tmut miscast
 23221 | D:13     | Reached XP level 15. HP: 70/134 MP: 15/15
 23245 | D:13     | XOM: chaos cloud
 23714 | D:14     | Reached skill level 13 in Fighting
 23717 | D:14     | XOM: divination: magic mapping
 23820 | D:14     | XOM is BORED!
 23820 | D:14     | XOM: enchant monster (bad)
 23825 | D:14     | XOM: harmless Fire miscast
 23826 | D:14     | XOM: summons friendly crimson imp
 23861 | D:14     | XOM: confuse monster(s)
 23870 | D:14     | XOM: scenery: 2 fountains blood, 3 doors open, 1 doors close
 23875 | D:14     | Found a gate to the Vaults.
 23880 | D:14     | Reached skill level 11 in Armour
 24143 | D:14     | Found a blossoming altar of Fedhas.
 24204 | D:14     | Noticed Louise
 24230 | D:14     | Killed Louise
 24429 | D:15     | Entered Level 15 of the Dungeon
 24476 | D:15     | XOM: summons friendly ufetubus
 24478 | D:15     | XOM: swap monsters
 24499 | D:15     | XOM: divination: detect items
 24517 | D:15     | Found a staircase to the Depths.
 24517 | D:15     | XOM: 8-stop teleportation journey
 24634 | D:15     | XOM: scenery: create altars
 24782 | D:15     | XOM: scenery: create altars
 24787 | D:15     | XOM: fake destruction
 24795 | D:15     | XOM: 2-stop teleportation journey
 24798 | D:15     | XOM: noise
 24822 | D:15     | Reached skill level 14 in Fighting
 24853 | D:15     | Reached skill level 12 in Armour
 24980 | D:15     | Upgraded the game from 0.21-a0-92-g7bf63f6 to 0.21-a0-94-gdd6ab6a
 25075 | D:15     | Found a portal to a secret trove of treasure.
 25095 | D:15     | XOM: harmless Tmut miscast
 25235 | D:14     | Noticed Manul's ghost (journeyman SpAK)
 25242 | D:14     | XOM: enchant monster (good)
 25256 | D:14     | Killed Manul's ghost
 25383 | Elf:1    | Entered Level 1 of the Elven Halls
 25406 | Elf:1    | XOM: harmless Chrm miscast
 25525 | Elf:1    | XOM: potion effect (haste)
 25533 | Elf:1    | XOM: polymorph deep elf knight -> fire dragon
 25549 | Elf:1    | XOM: enchant monster (bad)
 25686 | Elf:1    | XOM: enchant monster (good)
 25725 | Elf:1    | XOM: enchant monster (bad)
 25754 | Elf:1    | XOM: swap monsters
 25762 | Elf:1    | XOM: 1-stop teleportation journey
 25818 | Elf:1    | XOM: summons 1 hostile demon
 25820 | Elf:1    | XOM: mild Fire miscast
 25834 | Elf:1    | XOM: destruction
 25913 | Elf:1    | XOM: harmless Ice miscast
 26285 | Elf:1    | Gained mutation: You are significantly more attuned to the shadows. [demonic ancestry]
 26285 | Elf:1    | Reached XP level 16. HP: 145/147 MP: 16/16
 26288 | Elf:1    | XOM: confuse monster(s)
 26545 | Elf:2    | Reached skill level 15 in Fighting
 26577 | Elf:2    | Noticed morra's ghost (adept OgMo)
 26622 | Elf:2    | Reached skill level 13 in Armour
 26643 | Elf:2    | XOM: cast spell 'Monstrous Menagerie'
 26657 | Elf:2    | Killed morra's ghost
 26762 | Elf:2    | XOM: harmless Conj miscast
 26841 | Elf:2    | XOM: chaos upgrade
 26851 | Elf:2    | XOM: harmless Erth miscast
 26867 | Elf:2    | XOM: cast spell 'Summon Ice Beast'
 27021 | Elf:2    | Found a huge runed gate.
 27021 | Elf:2    | Found a huge runed gate.
 27022 | Elf:2    | Found a huge runed gate.
 27291 | Elf:3    | Entered Level 3 of the Elven Halls
 27313 | Elf:3    | XOM: cloud trail
 27349 | Elf:3    | XOM: medium Ice miscast
 27459 | Orc:2    | XOM: mild Fire miscast
 27593 | Spider:1 | Entered Level 1 of the Spider Nest
 27602 | Spider:1 | Noticed Aizul
 27658 | Lair:2   | XOM: potion effect (agility)
 27661 | Lair:2   | XOM: potion effect (agility)
 27830 | Swamp:1  | Entered Level 1 of the Swamp
 27852 | Swamp:1  | Noticed a thorn hunter
 27857 | Swamp:1  | XOM: potion effect (invisibility)
 27864 | Swamp:1  | Killed a thorn hunter
 27884 | Swamp:1  | XOM: scenery: create altars
 27917 | Swamp:1  | XOM: mild Ice miscast
 27993 | Swamp:1  | XOM: harmless Tloc miscast
 28224 | Swamp:1  | XOM: chaos cloud
 28362 | Swamp:2  | XOM: enchant monster (good)
 28398 | Swamp:2  | XOM: divination: detect items
 28401 | Swamp:2  | Reached skill level 16 in Fighting
 28414 | Swamp:2  | XOM: confuse monster(s)
 28419 | Swamp:2  | XOM: confuse monster(s)
 28431 | Swamp:2  | XOM: silly message
 28657 | Swamp:2  | XOM: mild Tmut miscast
 28668 | Swamp:2  | XOM: 2-stop teleportation journey
 28683 | Swamp:2  | Cast into level 4 of the Abyss (Xom)
 28741 | Abyss:4  | Reached skill level 14 in Armour
 28962 | Abyss:4  | XOM: enchant monster (good)
 28977 | Abyss:4  | XOM: polymorph neqoxec -> smoke demon
 29003 | Abyss:4  | XOM: cast spell 'Alistair's Intoxication'
 29012 | Abyss:4  | XOM: harmless Erth miscast
 29040 | Swamp:2  | Escaped the Abyss
 29098 | Swamp:2  | XOM: cloud trail
 29159 | Swamp:2  | XOM: medium Tmut miscast
 29307 | Swamp:2  | Reached skill level 1 in Shields
 29549 | Swamp:2  | XOM: medium Chrm miscast
 29574 | Swamp:3  | Reached skill level 2 in Shields
 29576 | Swamp:3  | XOM: polymorph spriggan rider -> anaconda
 29588 | Swamp:3  | XOM: 7-stop teleportation journey
 29650 | Swamp:3  | XOM: 1-stop teleportation journey
 29656 | Swamp:3  | Reached skill level 3 in Shields
 29717 | Swamp:3  | XOM: smoke on damage
 29720 | Swamp:3  | HP: 27/152 [titanic slime creature (46)]
 29786 | Swamp:3  | XOM: cloud trail
 29926 | Swamp:3  | Noticed a thorn hunter
 29930 | Swamp:3  | XOM: swap monsters
 29938 | Swamp:3  | Killed a thorn hunter
 29938 | Swamp:3  | Gained mutation: Your magical and physical power is enhanced at high health. [demonic ancestry]
 29938 | Swamp:3  | Reached XP level 17. HP: 134/159 MP: 17/17
 30070 | Swamp:3  | XOM: mild Ice miscast
 30158 | Swamp:3  | Reached skill level 4 in Shields
 30168 | Swamp:3  | XOM: stat loss: -1 Dex (17/18)
 30349 | Swamp:3  | XOM: polymorph shadow imp -> iron imp
 30378 | Swamp:3  | XOM: polymorph shadow imp -> crimson imp
 30395 | Swamp:3  | XOM: potion effect (brilliance)
 30398 | Swamp:3  | Reached skill level 5 in Shields
 30406 | Swamp:3  | XOM: potion effect (heal wounds)
 30720 | Swamp:4  | Entered Level 4 of the Swamp
 30759 | Swamp:4  | Reached skill level 6 in Shields
 31087 | Swamp:4  | Reached skill level 7 in Shields
 31114 | Swamp:4  | XOM: enchant monster (good)
 31126 | Swamp:4  | Reached skill level 8 in Shields
 31200 | Swamp:4  | Reached skill level 9 in Shields
 31326 | Swamp:4  | XOM: give mutations
 31326 | Swamp:4  | Gained mutation: You passively map a small area around you. [Xom's grace]
 31326 | Swamp:4  | Gained mutation: You are very agile. (Dex +4) [Xom's grace]
 31344 | Swamp:4  | Got a decaying rune of Zot
 31386 | Swamp:4  | XOM: give mutation
 31386 | Swamp:4  | Gained mutation: Your flesh is very cold resistant. (rC++) [Xom's grace]
 31691 | Spider:1 | XOM: summons friendly quasit
 31702 | Lair:2   | Reached skill level 10 in Shields
 31757 | Lair:2   | XOM: god gift: 23 gold pieces
 31901 | Spider:1 | Killed Aizul
 31951 | Spider:1 | XOM: enchant monster (good)
 31976 | Spider:1 | XOM: cast spell 'Alistair's Intoxication'
 31981 | Spider:1 | Reached skill level 11 in Shields
 32253 | Spider:1 | XOM: divination: magic mapping
 32585 | Spider:2 | XOM: fog
 32600 | Spider:2 | XOM: cleaving
 32643 | Spider:2 | XOM: mild Pois miscast
 32674 | Spider:2 | XOM: 1-stop teleportation journey
 32679 | Spider:2 | XOM: divination: detect creatures
 32683 | Spider:2 | XOM: fog
 32741 | Spider:2 | Reached XP level 18. HP: 161/168 MP: 18/18
 32924 | Spider:2 | Noticed Nikola
 32933 | Spider:2 | Killed Nikola
 32944 | Spider:2 | Reached skill level 12 in Shields
 33132 | Spider:2 | XOM: cloud trail
 33193 | Spider:3 | XOM: god gift: 930 gold pieces
 33319 | Spider:3 | XOM: scenery: create altars
 33355 | Spider:3 | XOM: mild Ice miscast
 33396 | Spider:3 | XOM: cleaving
 33520 | Spider:3 | XOM: polymorph redback -> dream sheep
 33530 | Spider:3 | XOM: cast spell 'Summon Small Mammal'
 33656 | Spider:3 | Reached skill level 13 in Shields
 34129 | Spider:3 | Got a fine ring mail
 34130 | Spider:3 | Identified the cursed +0 ring mail of the Komtur {rC- MR+ Regen+ Dex+3} (You found it on level 3 of the Spider Nest)
 34512 | Spider:4 | XOM: noise
 34512 | Spider:4 | Entered Level 4 of the Spider Nest
 34513 | Spider:4 | XOM: divination: detect creatures
 34539 | Spider:4 | Noticed Jorgrun
 34544 | Spider:4 | Killed Jorgrun
 34726 | Spider:4 | XOM: noise
 34729 | Spider:4 | XOM: mild Tmut miscast
 34739 | Spider:4 | XOM: summons friendly white imp
 34941 | Spider:4 | XOM: destruction
 34962 | Spider:4 | XOM: polymorph hornet -> crocodile
 34966 | Spider:4 | Reached skill level 14 in Shields
 34977 | Spider:4 | Paralysed by a hornet for 1 turns
 35041 | Spider:4 | XOM: scenery: create altars
 35050 | Spider:4 | XOM: scenery: create altars
 35420 | Spider:4 | XOM: polymorph ufetubus -> white imp
 35429 | Spider:4 | XOM: scenery: create altars
 35430 | Spider:4 | XOM: scenery: create altars
 35440 | Spider:4 | XOM: cast spell 'Call Canine Familiar'
 35525 | Spider:4 | XOM: 1-stop teleportation journey
 35531 | Spider:4 | Got a gossamer rune of Zot
 35576 | Spider:4 | XOM: harmless Hex miscast
 35819 | Spider:3 | Identified the Reference Book on Ashen Weightlessness
 35837 | Spider:2 | Reached skill level 15 in Shields
 35980 | D:13     | XOM: scenery: 1 doors close
 36040 | Vaults:1 | Entered Level 1 of the Vaults
 36068 | Vaults:1 | XOM: divination: detect items
 36073 | Vaults:1 | XOM: cast spell 'Monstrous Menagerie'
 36088 | Vaults:1 | XOM: summons 2 friendly demons
 36263 | Vaults:1 | XOM: confuse monster(s)
 36325 | Vaults:1 | XOM: god gift: 3 gold pieces
 36394 | Vaults:1 | XOM: summons 7 friendly demons
 36405 | Vaults:1 | Reached XP level 19. HP: 169/174 MP: 19/19
 36419 | Vaults:1 | Reached skill level 15 in Armour
 36419 | Vaults:1 | XOM: enchant monster (good)
 36423 | Vaults:1 | XOM: confuse monster(s)
 36734 | Vaults:1 | XOM: divination: detect items
 36753 | Vaults:1 | Got an encrusted shortbow
 36825 | Vaults:1 | XOM is BORED!
 36825 | Vaults:1 | XOM: mild Air miscast
 37113 | Vaults:1 | XOM: give mutations
 37113 | Vaults:1 | Lost mutation: Your flesh is very cold resistant. (rC++) [Xom's mischief]
 37113 | Vaults:1 | Lost mutation: Your spells are much harder to cast, but much more powerful. [Xom's mischief]
 37113 | Vaults:1 | Lost mutation: You are robust. (+10% HP) [Xom's mischief]
 37193 | Vaults:1 | Got a jewelled hand crossbow
 37270 | Vaults:1 | XOM: noise
 37486 | Vaults:2 | XOM: medium Air miscast
 37502 | Vaults:2 | XOM: cleaving
 37611 | Vaults:2 | Found a staircase to the Crypt.
 37612 | Vaults:2 | XOM: fake destruction
 37620 | Vaults:2 | XOM: give mutations
 37620 | Vaults:2 | Gained mutation: Potions are less effective at restoring your health. [Xom's mischief]
 37620 | Vaults:2 | Lost mutation: Your muscles are strong. (Str +2) [Xom's mischief]
 37620 | Vaults:2 | Lost mutation: You possess an exceptional clarity of mind. [Xom's mischief]
 37620 | Vaults:2 | Gained mutation: You occasionally shout uncontrollably at your foes. [Xom's mischief]
 37886 | Vaults:2 | Identified the cursed +0 hand crossbow of Day {elec, MR- MP+9 Str+2 Stlth+} (You found it on level 1 of the Vaults)
 37929 | Vaults:2 | Reached skill level 16 in Armour
 38115 | Vaults:2 | XOM: give mutations
 38115 | Vaults:2 | Lost mutation: You are very agile. (Dex +4) [Xom's mischief]
 38115 | Vaults:2 | Lost mutation: Your flesh is heat resistant. (rF+) [Xom's mischief]
 38115 | Vaults:2 | Lost mutation: You passively map a small area around you. [Xom's mischief]
 38115 | Vaults:2 | Lost mutation: You are resistant to hostile enchantments. (MR+) [Xom's mischief]
 38190 | Vaults:2 | XOM: scenery: 1 doors close
 38191 | Vaults:2 | XOM: noise
 38198 | Vaults:2 | XOM: harmless Summ miscast
 38276 | Vaults:2 | XOM: divination: magic mapping
 38359 | Vaults:2 | XOM: confusion
 38393 | Vaults:2 | XOM: medium Hex miscast
 38494 | Vaults:2 | XOM: god gift: 45 gold pieces
 38764 | Vaults:2 | XOM: smoke on damage
 38929 | Vaults:3 | XOM: polymorph shadow imp -> crimson imp
 38932 | Vaults:3 | XOM: noise
 39202 | Vaults:3 | Reached skill level 17 in Armour
 39264 | Vaults:3 | XOM: swap monsters
 39371 | Vaults:3 | XOM: divination: detect items
 39439 | Vaults:3 | XOM: 1-stop teleportation journey
 39462 | Vaults:3 | Got an encrusted scale mail
 39498 | Vaults:3 | Noticed Frederick
 39510 | Vaults:3 | Killed Frederick
 39762 | Vaults:3 | XOM: enchant monster (bad)
 39781 | Vaults:3 | XOM: cast spell 'Alistair's Intoxication'
 39791 | Vaults:3 | XOM: harmless Tmut miscast
 39863 | Vaults:3 | XOM: harmless Summ miscast
 39864 | Vaults:3 | Identified the cursed +1 scale mail "Fion" {rF+ rCorr Str+3 Stlth+} (You found it on level 3 of the Vaults)
 39947 | Vaults:3 | XOM: confusion (+ monsters)
 39985 | Vaults:3 | XOM: chaos upgrade
 40141 | Vaults:3 | XOM: swap monsters
 40145 | Vaults:3 | Reached XP level 20. HP: 128/166 MP: 20/20
 40195 | Vaults:4 | Reached skill level 18 in Armour
 40216 | Vaults:4 | XOM: scenery: 1 doors close
 40223 | Vaults:4 | XOM: scenery: create altars
 40240 | Vaults:4 | XOM: chaos upgrade
 40242 | Vaults:4 | XOM: fog
 40243 | Vaults:4 | XOM: summons friendly ufetubus
 40251 | Vaults:4 | Paralysed by a yaktaur for 6 turns
 40254 | Vaults:4 | XOM: polymorph deep troll -> shining eye
 40257 | Vaults:4 | Lost mutation: You are agile. (Dex +2) [a shining eye]
 40404 | Vaults:4 | XOM: summons friendly ufetubus
 40412 | Vaults:4 | XOM: summons 2 hostile shadow creatures
 40412 | Vaults:4 | Paralysed by a sphinx for 4 turns
 40417 | Vaults:4 | XOM: confuse monster(s)
 40423 | Vaults:4 | XOM: enchant monster (good)
 40479 | Vaults:4 | XOM: smoke on damage
 40485 | Vaults:4 | XOM: harmless Fire miscast
 40487 | Vaults:4 | XOM: blink monster(s)
 40700 | Vaults:4 | XOM: summons 7 hostile demons
 40707 | Vaults:4 | XOM: confusion (+ monsters)
 40721 | Vaults:4 | XOM: potion effect (curing)
 40735 | Vaults:4 | Reached skill level 19 in Armour
 40868 | Vaults:4 | XOM: confuse monster(s)
 40874 | Vaults:4 | XOM: enchant monster (good)
 40896 | Vaults:4 | XOM: potion effect (curing)
 40902 | Vaults:4 | XOM: blink monster(s)
 40939 | Vaults:4 | XOM: potion effect (heal wounds)
 41029 | Vaults:4 | Reached skill level 17 in Fighting
 41109 | Vaults:4 | XOM: enchant monster (good)
 41110 | Vaults:4 | XOM: cast spell 'Ring of Flames'
 41112 | Vaults:4 | XOM: enchant monster (good)
 41122 | Vaults:4 | XOM: fog
 41123 | Vaults:4 | XOM: cast spell 'Summon Small Mammal'
 41214 | Vaults:4 | XOM: divine lightning
 41216 | Vaults:4 | XOM: divination: detect creatures
 41254 | Vaults:4 | XOM: god gift: 23 arrows
 41306 | Vaults:3 | XOM: swap monsters
 41336 | Vaults:3 | XOM: cloud trail
 41402 | Vaults:3 | Lost mutation: Your flesh is cold resistant. (rC+) [potion of mutation]
 41402 | Vaults:3 | Gained mutation: Your mind is acute. (Int +2) [potion of mutation]
 41403 | Vaults:3 | Lost mutation: Your spells are harder to cast, but more powerful. [potion of mutation]
 41403 | Vaults:3 | Lost mutation: Potions are less effective at restoring your health. [potion of mutation]
 41403 | Vaults:3 | Lost mutation: You occasionally shout uncontrollably at your foes. [potion of mutation]
 41403 | Vaults:3 | Lost mutation: Your mind is acute. (Int +2) [potion of mutation]
 41403 | Vaults:3 | Lost mutation: Your spells are a little harder to cast, but a little more powerful. [potion of mutation]
 41403 | Vaults:3 | Lost mutation: You are somewhat resistant to further mutation. [potion of mutation]
 41403 | Vaults:3 | Gained mutation: You have a pair of small horns on your head. [potion of mutation]
 41403 | Vaults:3 | Gained mutation: You are robust. (+10% HP) [potion of mutation]
 41406 | Vaults:4 | XOM: give mutations
 41406 | Vaults:4 | Gained mutation: You are very robust. (+20% HP) [Xom's grace]
 41406 | Vaults:4 | Gained mutation: Your mind is acute. (Int +2) [Xom's grace]
 41406 | Vaults:4 | Gained mutation: Your system is resistant to poisons. (rPois) [Xom's grace]
 41431 | Vaults:4 | XOM: scenery: create altars
 41439 | Vaults:4 | XOM: cast spell 'Summon Dragon'
 41456 | Vaults:4 | XOM: mild Necr miscast
 41597 | Vaults:4 | XOM: 1-stop teleportation journey
 41635 | Vaults:4 | XOM: divination: magic mapping
 41646 | Vaults:4 | XOM: summons 2 friendly demons
 41648 | Vaults:4 | XOM: destruction
 41657 | Vaults:4 | Reached skill level 18 in Fighting
 42040 | Vaults:4 | XOM: enchant monster (good)
 42069 | Vaults:4 | XOM: harmless Summ miscast
 42135 | Vaults:4 | Paralysed by an orc sorcerer for 6 turns
 42137 | Vaults:4 | XOM: summons friendly iron imp
 42140 | Vaults:4 | XOM: confuse monster(s)
 42210 | Vaults:4 | XOM: god gift: 11 royal jellies
 42361 | Vaults:4 | XOM: summons 2 friendly demons
 42455 | Vaults:4 | XOM: confuse monster(s)
 42473 | Vaults:4 | XOM: noise
 42487 | Vaults:4 | Gained mutation: A demonic guardian rushes to your aid. [demonic ancestry]
 42487 | Vaults:4 | Reached XP level 21. HP: 213/213 MP: 21/21
 42499 | Vaults:4 | XOM: cast spell 'Olgreb's Toxic Radiance'
 42512 | Vaults:4 | XOM: mild Tmut miscast
 42530 | Vaults:4 | Got a faintly glowing ring mail
 42532 | Vaults:4 | Identified the +2 ring mail of Bad Feelings {rCorr} (You found it on level 4 of the Vaults)
 42582 | Vaults:4 | XOM: harmless Necr miscast
 42884 | Elf:2    | XOM: mild Ice miscast
 43190 | Elf:3    | XOM: harmless Air miscast
 43194 | Elf:3    | XOM: potion effect (invisibility)
 43274 | Elf:3    | Reached skill level 19 in Fighting
 43278 | Elf:3    | Cast into level 3 of the Abyss (a deep elf sorcerer)
 43321 | Abyss:3  | XOM: potion effect (brilliance)
 43328 | Abyss:3  | XOM: harmless Chrm miscast
 43484 | Abyss:3  | Gained mutation: You expend magic power (3 MP) to strengthen your wands. [a neqoxec]
 43486 | Abyss:3  | Gained mutation: Your body sometimes deteriorates upon taking damage. [a neqoxec]
 43513 | Abyss:3  | XOM: mild Air miscast
 43528 | Abyss:3  | Paralysed by accursed screaming for 1 turns
 43532 | Abyss:3  | Paralysed by accursed screaming for 1 turns
 43562 | Abyss:3  | XOM: fog
 43563 | Abyss:3  | Gained mutation: Your body often deteriorates upon taking damage. [a neqoxec]
 43582 | Abyss:3  | Got an abyssal rune of Zot
 43593 | Elf:3    | Escaped the Abyss
 43714 | Elf:3    | Reached skill level 20 in Fighting
 43731 | Elf:3    | XOM: cast spell 'Death Channel'
 43785 | Elf:3    | XOM: noise
 43798 | Elf:3    | XOM: potion effect (might)
 43798 | Elf:3    | Cast into level 2 of the Abyss (a deep elf demonologist)
 43799 | Abyss:2  | Found a corrupted altar of Lugonu.
 44035 | Abyss:2  | XOM: silly message
 44174 | Abyss:2  | XOM: divination: magic mapping
 44265 | Elf:3    | Escaped the Abyss
 44498 | Elf:3    | Got a shimmering short sword
 44515 | Elf:3    | Reached skill level 21 in Fighting
 44522 | Elf:3    | XOM: harmless Fire miscast
 44601 | Elf:3    | XOM: harmless Conj miscast
 44628 | Elf:3    | Got an uncursed iridescent war axe {flame}
 44634 | Elf:3    | XOM: divination: detect items
 44664 | Elf:3    | XOM: divination: magic mapping
 44693 | Elf:3    | Got an iridescent flail {drain}
 44975 | Depths:1 | Entered Level 1 of the Depths
 44987 | Depths:1 | XOM: 1-stop teleportation journey
 45028 | Depths:1 | Found a one-way gate to the infinite horrors of the Abyss.
 45059 | Depths:1 | Reached XP level 22. HP: 185/230 MP: 22/22
 45073 | Depths:1 | Found a flickering gateway to a bazaar.
 45078 | Bazaar   | Entered a bazaar
 45080 | Bazaar   | Found Jiakhlaa's Armour Boutique.
 45084 | Bazaar   | Found Xileclil's Weapon Boutique.
 45084 | Bazaar   | Found Qaunwum's Book Boutique.
 45086 | Bazaar   | Found Ystead's Book Boutique.
 45114 | Bazaar   | Bought a manual of Polearms for 1876 gold pieces
 45128 | Depths:1 | Found a gateway to a ziggurat.
 45132 | Depths:1 | Reached skill level 12 in Polearms
 45165 | Depths:1 | XOM: confuse monster(s)
 45228 | Depths:1 | XOM: 1-stop teleportation journey
 45382 | Depths:1 | XOM: stat loss: -1 Str (24/25)
 45407 | Depths:1 | Reached skill level 13 in Polearms
 45421 | Depths:1 | XOM: 1-stop teleportation journey
 45458 | Depths:1 | XOM: enchant monster (bad)
 45556 | D:15     | You showed the abyssal rune of Zot to enter a treasure trove
 45557 | Trove    | Entered a treasure trove
 45627 | Trove    | XOM: give mutations
 45627 | Trove    | Lost mutation: Your body often deteriorates upon taking damage. [Xom's mischief]
 45627 | Trove    | Lost mutation: You have a pair of small horns on your head. [Xom's mischief]
 45627 | Trove    | Lost mutation: Your mind is acute. (Int +2) [Xom's mischief]
 45627 | Trove    | Lost mutation: Your body sometimes deteriorates upon taking damage. [Xom's mischief]
 45628 | Trove    | Got an ancient pewter amulet
 45635 | Trove    | Identified the amulet "Jaorewk" {Faith rPois rC+ Dex+3 SInv} (You found it in a treasure trove)
 45771 | Depths:1 | XOM: harmless Tloc miscast
 45952 | Depths:1 | Reached skill level 14 in Polearms
 46200 | D:8      | Bought a polished large shield for 304 gold pieces
 46200 | D:8      | Bought a scroll of enchant weapon for 240 gold pieces
 46200 | D:8      | Bought a potion of heal wounds for 160 gold pieces
 46200 | D:8      | Bought a steel ring for 160 gold pieces
 46200 | D:8      | Bought a tubular sapphire ring for 160 gold pieces
 46200 | D:8      | Identified the +4 large shield of Sumywuum {rN+} (You bought it in a shop on level 8 of the Dungeon)
 46274 | D:8      | XOM: summons 10 hostile demons
 46300 | D:8      | Got an ancient hand crossbow
 46316 | D:8      | Found a transporter.
 46481 | D:15     | XOM: summons 5 hostile demons
 46592 | Depths:1 | XOM: swap monsters
 46711 | Depths:2 | XOM: give mutations
 46711 | Depths:2 | Lost mutation: You expend magic power (3 MP) to strengthen your wands. [Xom's mischief]
 46711 | Depths:2 | Lost mutation: You are covered in fur. (AC +1) [Xom's mischief]
 46712 | Depths:2 | XOM: summons 1 hostile shadow creature
 46740 | Depths:2 | Reached skill level 15 in Polearms
 46788 | Depths:2 | XOM: noise
 46789 | Depths:2 | XOM: silly message
 46844 | Depths:2 | Found a corrupted altar of Lugonu.
 46871 | Depths:2 | Found a one-way gate leading to the halls of Pandemonium.
 46945 | Depths:2 | XOM: noise
 46987 | Depths:2 | XOM: medium Fire miscast
 46997 | Depths:2 | XOM: torment (107/230 hp)
 47001 | Depths:2 | XOM: polymorph ice devil -> red devil
 47301 | Depths:2 | XOM: summons 5 hostile demons
 47315 | Depths:2 | XOM: harmless Tmut miscast
 47331 | Depths:2 | Got a tiger eye-encrusted scale mail
 47332 | Depths:2 | Identified the cursed +0 scale mail of the Shoals {+Inv rN+ rCorr Dex-4} (You found it on level 2 of the Depths)
 47381 | Depths:2 | XOM: swap monsters
 47406 | Depths:2 | XOM: smoke on damage
 47407 | Depths:2 | Reached skill level 16 in Polearms
 47706 | Depths:2 | XOM: polymorph spark wasp -> wolf spider
 47712 | Depths:2 | XOM: enchant monster (bad)
 47787 | Depths:2 | XOM: summons 11 hostile demons
 47900 | Depths:2 | XOM: 8-stop teleportation journey
 47963 | Depths:2 | XOM: confuse monster(s)
 48026 | Depths:2 | Reached skill level 9 in Dodging
 48027 | Depths:2 | XOM: scenery: create altars
 48197 | Depths:2 | XOM: confuse monster(s)
 48254 | Depths:2 | XOM: enchant monster (good)
 48297 | Depths:2 | XOM: divination: detect items
 48298 | Depths:2 | XOM: fog
 48405 | Depths:3 | XOM: summons friendly ufetubus
 48415 | Depths:3 | Reached skill level 10 in Dodging
 48440 | Depths:3 | XOM: medium Ice miscast
 48479 | Depths:3 | XOM: 8-stop teleportation journey
 48501 | Depths:2 | XOM: give mutations
 48501 | Depths:2 | Gained mutation: You are agile. (Dex +2) [Xom's grace]
 48501 | Depths:2 | Gained mutation: Your flesh is heat resistant. (rF+) [Xom's grace]
 48501 | Depths:2 | Gained mutation: You are very agile. (Dex +4) [Xom's grace]
 48501 | Depths:2 | Gained mutation: You are resistant to hostile enchantments. (MR+) [Xom's grace]
 48672 | Depths:3 | XOM: destruction
 48726 | Depths:3 | XOM: divine lightning
 48730 | Depths:3 | XOM: fake destruction
 48944 | Depths:3 | Found a shattered altar of Ashenzari.
 48953 | Depths:3 | Found Uqug's Gadget Boutique.
 48972 | Depths:3 | XOM: 4-stop teleportation journey
 48980 | Depths:3 | Noticed a juggernaut
 48985 | Depths:3 | XOM: enchant monster (good)
 49019 | Depths:3 | XOM: harmless Ice miscast
 49025 | Depths:3 | Reached skill level 11 in Dodging
 49044 | Depths:3 | XOM: 2-stop teleportation journey
 49092 | Depths:3 | XOM: harmless Summ miscast
 49184 | Depths:3 | XOM: divination: magic mapping
 49298 | Depths:3 | XOM: blink monster(s)
 49330 | Depths:3 | Found Noesoruu's Gadget Shop.
 49398 | Depths:3 | Reached XP level 23. HP: 238/238 MP: 23/23
 49729 | Depths:3 | XOM: blink monster(s)
 49730 | Depths:3 | XOM: confuse monster(s)
 49766 | Depths:3 | XOM: divination: detect items
 49792 | Depths:3 | Got a slimy battleaxe {chop}
 49847 | Depths:3 | XOM: harmless Hex miscast
 49997 | Depths:4 | XOM: noise
 50046 | Depths:4 | XOM: fog
 50060 | Depths:4 | XOM: harmless Air miscast
 50067 | Depths:4 | XOM: summons 3 friendly demons
 50087 | Depths:4 | XOM: harmless Tmut miscast
 50105 | Depths:4 | XOM: polymorph rakshasa -> hell hog
 50113 | Depths:4 | XOM: give mutations
 50113 | Depths:4 | Gained mutation: Your flesh is very heat resistant. (rF++) [Xom's grace]
 50113 | Depths:4 | Gained mutation: Your flesh is cold resistant. (rC+) [Xom's grace]
 50113 | Depths:4 | Gained mutation: You have a pair of small horns on your head. [Xom's grace]
 50137 | Depths:4 | Reached skill level 16 in Shields
 50259 | Depths:4 | Noticed the Enchantress
 50281 | Depths:4 | XOM: cast spell 'Summon Mana Viper'
 50288 | Depths:4 | Killed the Enchantress
 50307 | Depths:4 | Got faerie dragon scales
 50308 | Depths:4 | Identified the +1 faerie dragon scales {*Drain rElec rCorr Str+7} (You took it off the Enchantress on level 4 of the Depths)
 50431 | Depths:4 | XOM: summons 2 hostile demons
 50500 | Depths:4 | XOM: give mutation
 50500 | Depths:4 | Gained mutation: Your natural rate of healing is unusually fast. [Xom's grace]
 50510 | Depths:4 | XOM: harmless Pois miscast
 50547 | Depths:4 | XOM: divination: magic mapping
 50590 | Depths:4 | XOM: mild Pois miscast
 50680 | Depths:4 | Got a pitted chain mail
 51038 | Depths:4 | Reached skill level 17 in Shields
 51059 | Depths:4 | XOM: medium Summ miscast
 51144 | Depths:5 | Entered Level 5 of the Depths
 51154 | Depths:5 | XOM: give mutation
 51154 | Depths:5 | Lost mutation: You have a pair of small horns on your head. [Xom's mischief]
 51159 | Depths:5 | XOM: blink monster(s)
 51197 | Depths:5 | XOM: polymorph spriggan berserker -> ettin
 51201 | Depths:5 | XOM: chaos upgrade
 51209 | Depths:5 | XOM: swap monsters
 51328 | Depths:5 | Identified the +5 chain mail "Adinu" {+Inv rC+ MR+ Int+2} (You found it on level 4 of the Depths)
 51474 | Depths:5 | XOM: summons 4 hostile shadow creatures
 51573 | Depths:5 | XOM: medium Pois miscast
 51788 | Depths:5 | XOM: 1-stop teleportation journey
 51839 | Depths:5 | XOM: 1-stop teleportation journey
 51865 | Depths:5 | XOM: confusion
 51939 | Depths:5 | XOM: noise
 51949 | Depths:5 | Reached skill level 18 in Shields
 51973 | Depths:5 | Found a gate to the Realm of Zot.
 52039 | Depths:5 | XOM: chaos cloud
 52161 | Zot:1    | Entered Level 1 of the Realm of Zot
 52249 | Zot:3    | Noticed an orb of fire
 52256 | Zot:3    | Gained mutation: Your spells are a little easier to cast, but a little less powerful. [an orb of fire]
 52261 | Zot:3    | XOM: summons 11 friendly demons
 52269 | Zot:3    | XOM: polymorph white draconian -> frost giant
 52269 | Zot:3    | Gained mutation: Potions are less effective at restoring your health. [an orb of fire]
 52272 | Zot:3    | Killed an orb of fire
 52295 | Zot:3    | XOM: enchant monster (bad)
 52349 | Zot:4    | XOM: 1-stop teleportation journey
 52370 | Zot:4    | Noticed a caustic shrike
 52370 | Zot:4    | a shadow dragon changed into a caustic shrike
 52370 | Zot:4    | XOM: polymorph shadow dragon -> caustic shrike
 52376 | Zot:4    | Killed a caustic shrike
 52437 | Zot:4    | XOM: potion effect (invisibility)
 52496 | Zot:4    | Reached XP level 24. HP: 249/249 MP: 18/23
 52501 | Zot:4    | XOM: summons friendly quasit
 52511 | Zot:4    | XOM: confuse monster(s)
 52524 | Zot:4    | XOM: summons 6 hostile demons
 52525 | Zot:4    | XOM: scenery: create altars
 52527 | Zot:4    | Reached skill level 19 in Shields
 52527 | Zot:4    | XOM: divine lightning
 52528 | Zot:4    | XOM: enchant monster (good)
 52591 | Zot:4    | XOM: silly message
 52616 | Zot:4    | XOM: harmless Air miscast
 52625 | Zot:4    | XOM: harmless Necr miscast
 52712 | Zot:4    | XOM: divination: detect creatures
 52718 | Zot:4    | XOM: chaos upgrade
 52779 | Zot:4    | XOM: 1-stop teleportation journey
 52907 | Zot:4    | XOM: mild Summ miscast
 52916 | Zot:4    | XOM: harmless Summ miscast
 52935 | Zot:4    | Found Jitinneo's Changing Room.
 52949 | Zot:4    | Bought a potion of mutation for 200 gold pieces
 52949 | Zot:4    | Bought a potion of mutation for 200 gold pieces
 53012 | Zot:4    | XOM: harmless Pois miscast
 53237 | Zot:4    | XOM: cloud trail
 53408 | Zot:4    | XOM: god gift: 54 gold pieces
 53620 | Zot:3    | XOM: 1-stop teleportation journey
 53623 | Zot:3    | XOM: mild Tloc miscast
 53638 | Zot:3    | XOM: mild Tmut miscast
 53642 | Zot:3    | XOM: chaos upgrade
 53649 | Zot:3    | XOM: noise
 53652 | Zot:3    | XOM: confuse monster(s)
 53670 | Zot:3    | XOM: noise
 53674 | Zot:3    | Reached skill level 20 in Shields
 53729 | Zot:3    | XOM: mild Erth miscast
 53755 | Zot:3    | XOM: summons 3 friendly demons
 53758 | Zot:3    | XOM: noise
 53844 | Zot:3    | XOM: mild Erth miscast
 53845 | Zot:3    | XOM: enchant monster (good)
 53961 | Zot:3    | XOM: confusion
 54021 | Zot:3    | XOM: blink monster(s)
 54050 | Zot:3    | XOM: confusion
 54109 | Zot:3    | XOM: medium Necr miscast
 54160 | Zot:3    | XOM: harmless Ice miscast
 54193 | Zot:3    | XOM: chaos upgrade
 54201 | Zot:3    | XOM: potion effect (brilliance)
 54220 | Zot:3    | XOM: enchant monster (bad)
 54230 | Zot:3    | XOM: god gift: thin smoking staff {god gift}
 54241 | Zot:3    | XOM: god gift: 21 stones
 54260 | Zot:3    | XOM: god gift: royal jelly
 54289 | Zot:2    | XOM: potion effect (curing)
 54367 | Zot:2    | Reached skill level 21 in Shields
 54491 | Zot:2    | XOM: confusion
 54511 | Zot:2    | XOM: summons friendly white imp
 54512 | Zot:2    | XOM: summons friendly crimson imp
 54660 | Zot:2    | XOM: harmless Pois miscast
 54750 | Zot:2    | XOM: medium Hex miscast
 54753 | Zot:2    | XOM: enchant monster (bad)
 54754 | Zot:2    | XOM: enchant monster (bad)
 54774 | Zot:2    | XOM: blink monster(s)
 54783 | Zot:2    | XOM: polymorph green draconian knight -> iron troll
 54825 | Zot:2    | XOM: enchant monster (good)
 54870 | Zot:2    | XOM: enchant monster (good)
 54889 | Zot:2    | XOM: cast spell 'Monstrous Menagerie'
 55034 | Zot:2    | XOM: summons friendly crimson imp
 55049 | Zot:2    | XOM: god gift: thin smoking staff {god gift}
 55112 | Zot:2    | Gained mutation: Your magical and physical power is greatly enhanced at high health. [demonic ancestry]
 55112 | Zot:2    | Reached XP level 25. HP: 256/256 MP: 10/23
 55126 | Zot:2    | XOM: cast spell 'Summon Hydra'
 55288 | Zot:1    | XOM: fog
 55293 | Zot:1    | Reached skill level 22 in Shields
 55347 | Zot:1    | XOM: silly message
 55387 | Zot:1    | XOM: god gift: golden ring {god gift}
 55439 | Zot:1    | XOM: summons 2 friendly demons
 55490 | Zot:1    | XOM: mild Air miscast
 55551 | Zot:1    | XOM: confusion (+ monsters)
 55552 | Zot:1    | XOM: cast spell 'Summon Hydra'
 55563 | Zot:1    | XOM: swap monsters
 55579 | Zot:1    | XOM: 1-stop teleportation journey
 55633 | Zot:1    | XOM: cleaving
 55641 | Zot:1    | XOM: summons 5 friendly demons
 55709 | Zot:1    | XOM: polymorph quicksilver dragon -> alligator snapping turtle
 55864 | Zot:1    | XOM: god gift: 3 needles of paralysis
 55914 | Zot:1    | XOM: scenery: 1 doors open
 56048 | Zot:5    | Entered Level 5 of the Realm of Zot
 56254 | Zot:5    | Noticed Rrauwl's ghost (veteran MiBe)
 56261 | Zot:5    | XOM: summons 9 friendly demons
 56271 | Zot:5    | Killed Rrauwl's ghost
 56282 | Zot:5    | XOM: harmless Conj miscast
 56367 | Zot:5    | Reached skill level 23 in Shields
 56415 | Zot:5    | XOM: draining
 56420 | Zot:5    | Noticed an ancient lich
 56431 | Zot:5    | Killed an ancient lich
 56448 | Zot:5    | Noticed an ancient lich
 56455 | Zot:5    | XOM: polymorph sixfirhy -> sun demon
 56459 | Zot:5    | XOM: summons friendly chaos spawn
 56461 | Zot:5    | XOM: potion effect (invisibility)
 56466 | Zot:5    | Killed an ancient lich
 56477 | Zot:5    | Noticed an orb of fire
 56478 | Zot:5    | XOM: potion effect (agility)
 56481 | Zot:5    | XOM: cast spell 'Summon Ice Beast'
 56483 | Zot:5    | Gained mutation: Armour fits poorly on your strangely shaped body. [an orb of fire]
 56486 | Zot:5    | Noticed an orb of fire
 56488 | Zot:5    | XOM: divination: detect items
 56488 | Zot:5    | Gained mutation: Potions are poor at restoring your health. [an orb of fire]
 56489 | Zot:5    | Lost mutation: You are very agile. (Dex +4) [an orb of fire]
 56491 | Zot:5    | Noticed an ancient lich
 56492 | Zot:5    | XOM: divination: detect items
 56493 | Zot:5    | Noticed an orb of fire
 56493 | Zot:5    | Gained mutation: Your magical capacity is low. (-10% MP) [an orb of fire]
 56494 | Zot:5    | Gained mutation: You are occasionally teleported next to monsters. [an orb of fire]
 56503 | Zot:5    | Killed an ancient lich
 56505 | Zot:5    | XOM: god gift: potion of curing
 56511 | Zot:5    | XOM: divination: magic mapping
 56512 | Zot:5    | XOM: potion effect (invisibility)
 56518 | Zot:5    | Killed an orb of fire
 56538 | Zot:5    | Killed an orb of fire
 56538 | Zot:5    | XOM: fog
 56546 | Zot:5    | XOM: god gift: 7 needles of confusion
 56553 | Zot:5    | Killed an orb of fire
 56553 | Zot:5    | Reached skill level 24 in Shields
 56570 | Zot:4    | Lost mutation: You are very robust. (+20% HP) [potion of mutation]
 56570 | Zot:4    | Lost mutation: You are agile. (Dex +2) [potion of mutation]
 56570 | Zot:4    | Lost mutation: Your system is resistant to poisons. (rPois) [potion of mutation]
 56570 | Zot:4    | Lost mutation: Your spells are a little easier to cast, but a little less powerful. [potion of mutation]
 56570 | Zot:4    | Gained mutation: Scrolls take you a little longer to read. [potion of mutation]
 56570 | Zot:4    | Gained mutation: You are very robust. (+20% HP) [potion of mutation]
 56571 | Zot:4    | Lost mutation: Scrolls take you a little longer to read. [potion of mutation]
 56571 | Zot:4    | Lost mutation: Armour fits poorly on your strangely shaped body. [potion of mutation]
 56571 | Zot:4    | Lost mutation: You are occasionally teleported next to monsters. [potion of mutation]
 56571 | Zot:4    | Lost mutation: Your flesh is very heat resistant. (rF++) [potion of mutation]
 56571 | Zot:4    | Lost mutation: Your flesh is heat resistant. (rF+) [potion of mutation]
 56571 | Zot:4    | Gained mutation: You are agile. (Dex +2) [potion of mutation]
 56571 | Zot:4    | Gained mutation: You are very agile. (Dex +4) [potion of mutation]
 56571 | Zot:4    | Gained mutation: You passively map a small area around you. [potion of mutation]
 56990 | Zot:5    | Gained mutation: A powerful demonic guardian rushes to your aid. [demonic ancestry]
 56990 | Zot:5    | Reached XP level 26. HP: 255/266 MP: 20/20
 57002 | Zot:5    | Noticed an orb of fire
 57002 | Zot:5    | Gained mutation: You occasionally shout uncontrollably at your foes. [an orb of fire]
 57003 | Zot:5    | XOM: 1-stop teleportation journey
 57004 | Zot:5    | Noticed an orb of fire
 57004 | Zot:5    | Noticed an orb of fire
 57008 | Zot:5    | Noticed an ancient lich
 57008 | Zot:5    | Gained mutation: Scrolls take you a little longer to read. [an orb of fire]
 57012 | Zot:5    | XOM: cast spell 'Leda's Liquefaction'
 57012 | Zot:5    | HP: 59/266 [orb of fire/fireball (49)]
 57012 | Zot:5    | HP: 15/266 [orb of fire/fireball (44)]
 57019 | Zot:5    | HP: 33/266 [Orb Guardian (10)]
 57020 | Zot:5    | XOM: cleaving
 57023 | Zot:5    | HP: 13/266 [orb of fire/bolt of fire (30)]
 57025 | Zot:5    | Noticed an orb of fire
 57027 | Zot:5    | Noticed an orb of fire
 57031 | Zot:5    | Noticed an ancient lich
 57031 | Zot:5    | Gained mutation: You are occasionally teleported next to monsters. [an orb of fire]
 57032 | Zot:5    | XOM: enchant monster (good)
 57033 | Zot:5    | XOM: summons friendly white imp
 57034 | Zot:5    | Noticed an orb of fire
 57037 | Zot:5    | Noticed an orb of fire
 57037 | Zot:5    | HP: 26/266 [orb of fire/bolt of fire (34)]
 57038 | Zot:5    | HP: 9/266 [Orb Guardian (17)]
 57047 | Zot:5    | HP: 17/399 [orb of fire/bolt of fire (19)]
 57053 | Zot:5    | HP: 14/399 [poisoned by a green draconian monk (blast of poison)]
 57054 | Zot:5    | Killed an orb of fire
 57058 | Zot:5    | HP: 1/266 [orb of fire/bolt of fire (10)]
 57062 | Zot:5    | Mangled by an Orb Guardian

Vault maps used:
D:1:      elethiomel_arrival_infinity_welcomes_careful_drivers
D:2:      nicolae_dithmenos_through_a_glass_darkly, minmay_rat_gold_closets,
          uniq_terence, uniq_natasha, uniq_sigmund
D:3:      uniq_crazy_yiuf_cottage
D:4:      lemuel_crystal_altar, first_bread, serial_shops, nicolae_shop_trees,
          kennysheep_pointless_box, minmay_surrounded
D:5:      kennysheep_mini, marbit_many_paths, lemuel_crystal_altar,
          minmay_temple_entry_trees, serial_shops, nicolae_shop_behind_doors,
          okawaru_altar_gauntlet_db, uniq_blork_the_orc
D:6:      nrook_mini_backslash, grunt_ministairs_12
D:7:      kennysheep_spiral_hall, minitemple, nicolae_overflow_crystal_walls,
          uniq_prince_ribbit1
D:8:      gammafunk_corrupted_shrine, nemelex_xobeh_ov_fountains_minmay,
          vehumet_altar_wand_db, enter_ossuary_5, serial_shops, shop,
          kennysheep_little_box, nicolae_shop_behind_doors
D:9:      dpeg_oklobed_lair, grunt_livestock, eino_house_with_fridge, uniq_grum
D:10:     stair_cage_line, minivault_11, lemuel_old_faithful, uniq_maurice
D:12:     orc_0_dummy, serial_shops, nicolae_shop_crystal, serial_park_tiny_1
D:13:     nrook_pool_corridor
D:14:     grunt_vaults_entry_tiered, fedhas_altar_3, uniq_louise
D:15:     gammafunk_depths_entry_grave, enter_trove_6, minmay_misc_feat_chi
Lair:1:   wad_woods_06, grunt_forest_small_clearing_treed
Lair:2:   spider_nest_entry_webs
Lair:3:   minmay_swamp_entry_worms
Lair:4:   lemuel_fruit_fields
Lair:5:   dpeg_oklob_gauntlet, lab_entry_generic, grunt_megastairs_4, uniq_kirke
Lair:6:   evil_forest, slime_dummy, kennysheep_abandoned_house,
          serial_bayou_shore_a
Swamp:1:  cheibrodos_swamp_tower_of_moss, evilmike_swamp_ruin_house_2,
          infiniplex_staircase_pool
Swamp:2:  evilmike_swamp_ruin_rubble_2
Swamp:3:  hangedman_swamp_diagram
Swamp:4:  swamp_basic_johnstein, swamp_pool1
Spider:1: uniq_aizul
Spider:2: nicolae_crawler_farm, uniq_nikola
Spider:4: grunt_spider_rune_parallel, nicolae_spider_cling_ruins, uniq_jorgrun
Orc:1:    bloody_trog
Orc:2:    pubby_orc_utopia
Elf:1:    minivault_28, roderic_whirl
Elf:3:    nooodl_elf_gasket, hex_medium
Vaults:1: nicolae_vaults_network_square, v_misc_23,
          ontoclasm_vaults_fire_temple, v_misc_30,
          nicolae_vaults_stairing_the_circle, grunt_vaults_swirl, v_misc_16
Vaults:2: nicolae_vaults_diagonal_hallway_9, ontoclasm_vaults_chip, v_misc_12,
          st_more_cells, vaults_dpeg_doors, ontoclasm_vaults_claustrophobia,
          ontoclasm_vaults_gateway, nicolae_vaults_network_periphery, v_misc_19,
          minmay_crypt_entry_simple_round, ontoclasm_vaults_pinch,
          hangedman_vaults_trim, v_misc_18
Vaults:3: vaults_room_grid, vaults_room_stairs_pillars, vaults_room_semicircle,
          v_misc_33, vaults_room_door_ring, vaults_room_large_hall,
          hangedman_vaults_river_flow, ontoclasm_vaults_ligature,
          nicolae_vaults_asterisk, uniq_frederick
Vaults:4: ontoclasm_vaults_eye, nicolae_vaults_hallways_thing, v_pattern_2,
          nicolae_vaults_windows_and_doors_thing, st_greater_box_3, v_misc_23,
          nicolae_vaults_ring_of_whatevers, vaults_mumra_chevron_long,
          hangedman_vaults_stream, vaults_room_door_ring,
          hangedman_vaults_slither, vaults_dpeg_diagonal, v_misc_1,
          ontoclasm_vaults_twist, vaults_dpeg_ring, uniq_sojobo
Depths:1: enter_ziggurat_f, pf_vacation_house_of_asmodeus, serial_shops,
          bzr_entry_road, grunt_decor_arrowhead, abyss_entry,
          wad_floor_pattern_1, minmay_misc_feat_iff,
          hangedman_abyss_or_decor_passed
Depths:2: minmay_box_of_statues, pan_entry, abyss_entry_flame_altar,
          hangedman_tar_grid_catacomb, infiniplex_staircase_star
Depths:3: hourglass_vault, grunt_pan_entry_spiral, hell_entry, kennysheep_boxes,
          ashenzari_altar_1, minmay_shoptagon
Depths:4: minmay_mutant_horseshoe, minmay_misc_feat_tower,
          abyss_entry_small_statue_room, hell_entry, grunt_decor_clamped,
          infiniplex_staircase_pillars_3a, serial_bayou_shore_b,
          serial_bayou_shore_b, uniq_enchantress
Depths:5: evilmike_zot_entry_round, hell_entry, hangedman_abyss_entry_splay,
          grunt_decor_resistance, grunt_decor_cap
Zot:2:    grunt_ministairs_9
Zot:3:    grunt_ministairs_6
Zot:4:    nicolae_transmutations_shop, basic_stair_grate_trap
Zot:5:    hangedman_zot_decor_checkerboard
Abyss:2:  evilmike_abyss_exit_smiterflies, evilmike_abyss_exit_chaos,
          hangedman_shadowy_showcase
Abyss:3:  evilmike_abyss_exit_glass, hangedman_elemental_corridor
Abyss:4:  evilmike_abyss_exit_smiterflies, evilmike_abyss_exit_10,
          gammafunk_abyss_rune_reverse_zot, lemuel_flamethrower_2
Bazaar:   bazaar_minmay_cross
Trove:    trove_garden
Ossuary:  ossuary_tomb_3

Skill      XL: |  1  2  3  4  5  6  7  8  9 10 11 12 13 14 15 16 17 18 19 20 21 22 23 24 25 |
---------------+----------------------------------------------------------------------------+-----
Axes           | 3 5 6 7 8 10 12 | 12.9
Fighting       | 4 9 11 12 14 16 18 21 | 21.2
Polearms       | 7 11 16 | 16.8
Dodging        | 1 7 8 11 | 11.1
Armour         | 2 7 10 12 14 17 19 | 19.0
Shields        | 3 11 15 18 21 24 | 24.3

Action                   |  1- 3 |  4- 6 |  7- 9 | 10-12 | 13-15 | 16-18 | 19-21 | 22-24 | 25-27 || total
-------------------------+-------+-------+-------+-------+-------+-------+-------+-------+-------++-------
Melee: Hand axe          |    87 |   140 |       |       |       |       |       |       |       ||   227
       Kick              |     5 |    27 |    30 |   166 |   353 |   669 |   580 |   893 |   225 ||  2948
       Battleaxe         |       |    35 |   316 |   307 |       |       |       |       |       ||   658
       Demon trident     |       |       |       |   351 |  1332 |  1688 |  1607 |  1934 |   421 ||  7333
       Headbutt          |       |       |       |       |       |       |   135 |    90 |       ||   225
Evoke: Wand              |       |       |       |    14 |     4 |       |     3 |    14 |       ||    35
       Phial of floods   |       |       |       |       |     1 |     1 |       |       |     1 ||     3
       Lamp of fire      |       |       |       |       |       |       |     2 |     1 |       ||     3
       Fan of gales      |       |       |       |       |       |       |       |       |     1 ||     1
       Sack of spiders   |       |       |       |       |       |       |       |       |     1 ||     1
  Use: Potion            |     2 |     1 |     4 |     8 |       |     2 |     4 |     3 |    26 ||    50
       Scroll            |     1 |     3 |    13 |    12 |    20 |    13 |    16 |    20 |    11 ||   109
 Stab: Sleeping          |     1 |     2 |       |       |       |     2 |       |       |       ||     5
       Paralysed         |       |     1 |     2 |     2 |       |     1 |       |     4 |       ||    10
       Petrified         |       |       |     1 |       |       |     1 |     9 |       |       ||    11
       Distracted        |       |       |     1 |     7 |     7 |    12 |    15 |     6 |     6 ||    54
       Confused          |       |       |       |     2 |     9 |     2 |     9 |    15 |     1 ||    38
       Invisible         |       |       |       |       |     4 |     2 |     5 |     4 |       ||    15
       Petrifying        |       |       |       |       |     1 |     1 |       |     1 |       ||     3
       Held in net/web   |       |       |       |       |       |     2 |       |       |       ||     2
  Eat: Chunk             |       |     6 |    10 |    18 |    17 |     4 |    15 |    12 |       ||    82
       Bread ration      |       |       |     2 |     3 |     3 |     7 |     1 |     5 |     2 ||    23
       Fruit             |       |       |     1 |     1 |       |       |       |       |       ||     2
       Royal jelly       |       |       |       |       |       |       |     4 |       |       ||     4
Armor: Leather armour    |    33 |    55 |    26 |       |       |       |       |       |       ||   114
       Plate armour      |       |       |   206 |    84 |       |       |       |       |       ||   290
       Ring mail         |       |       |     3 |       |       |       |       |       |       ||     3
       Chain mail        |       |       |       |   186 |   123 |       |       |       |       ||   309
       Crystal plate arm |       |       |       |       |   245 |   775 |   415 |   528 |    53 ||  2016
Dodge: Dodged            |    54 |    90 |   147 |   213 |   402 |   599 |   338 |   477 |    69 ||  2389
       Deflected         |       |       |       |       |    27 |    12 |    47 |    24 |     2 ||   112
Block: Other             |       |       |       |    11 |       |       |       |       |       ||    11
       Shield            |       |       |       |       |       |   495 |   336 |       |       ||   831
       Buckler           |       |       |       |       |       |       |   122 |   205 |       ||   327
       Large shield      |       |       |       |       |       |       |       |   880 |   172 ||  1052

Vault maps used:
D:1:      elethiomel_arrival_infinity_welcomes_careful_drivers
D:2:      nicolae_dithmenos_through_a_glass_darkly, minmay_rat_gold_closets,
          uniq_terence, uniq_natasha, uniq_sigmund
D:3:      uniq_crazy_yiuf_cottage
D:4:      lemuel_crystal_altar, first_bread, serial_shops, nicolae_shop_trees,
          kennysheep_pointless_box, minmay_surrounded
D:5:      kennysheep_mini, marbit_many_paths, lemuel_crystal_altar,
          minmay_temple_entry_trees, serial_shops, nicolae_shop_behind_doors,
          okawaru_altar_gauntlet_db, uniq_blork_the_orc
D:6:      nrook_mini_backslash, grunt_ministairs_12
D:7:      kennysheep_spiral_hall, minitemple, nicolae_overflow_crystal_walls,
          uniq_prince_ribbit1
D:8:      gammafunk_corrupted_shrine, nemelex_xobeh_ov_fountains_minmay,
          vehumet_altar_wand_db, enter_ossuary_5, serial_shops, shop,
          kennysheep_little_box, nicolae_shop_behind_doors
D:9:      dpeg_oklobed_lair, grunt_livestock, eino_house_with_fridge, uniq_grum
D:10:     stair_cage_line, minivault_11, lemuel_old_faithful, uniq_maurice
D:12:     orc_0_dummy, serial_shops, nicolae_shop_crystal, serial_park_tiny_1
D:13:     nrook_pool_corridor
D:14:     grunt_vaults_entry_tiered, fedhas_altar_3, uniq_louise
D:15:     gammafunk_depths_entry_grave, enter_trove_6, minmay_misc_feat_chi
Lair:1:   wad_woods_06, grunt_forest_small_clearing_treed
Lair:2:   spider_nest_entry_webs
Lair:3:   minmay_swamp_entry_worms
Lair:4:   lemuel_fruit_fields
Lair:5:   dpeg_oklob_gauntlet, lab_entry_generic, grunt_megastairs_4, uniq_kirke
Lair:6:   evil_forest, slime_dummy, kennysheep_abandoned_house,
          serial_bayou_shore_a
Swamp:1:  cheibrodos_swamp_tower_of_moss, evilmike_swamp_ruin_house_2,
          infiniplex_staircase_pool
Swamp:2:  evilmike_swamp_ruin_rubble_2
Swamp:3:  hangedman_swamp_diagram
Swamp:4:  swamp_basic_johnstein, swamp_pool1
Spider:1: uniq_aizul
Spider:2: nicolae_crawler_farm, uniq_nikola
Spider:4: grunt_spider_rune_parallel, nicolae_spider_cling_ruins, uniq_jorgrun
Orc:1:    bloody_trog
Orc:2:    pubby_orc_utopia
Elf:1:    minivault_28, roderic_whirl
Elf:3:    nooodl_elf_gasket, hex_medium
Vaults:1: nicolae_vaults_network_square, v_misc_23,
          ontoclasm_vaults_fire_temple, v_misc_30,
          nicolae_vaults_stairing_the_circle, grunt_vaults_swirl, v_misc_16
Vaults:2: nicolae_vaults_diagonal_hallway_9, ontoclasm_vaults_chip, v_misc_12,
          st_more_cells, vaults_dpeg_doors, ontoclasm_vaults_claustrophobia,
          ontoclasm_vaults_gateway, nicolae_vaults_network_periphery, v_misc_19,
          minmay_crypt_entry_simple_round, ontoclasm_vaults_pinch,
          hangedman_vaults_trim, v_misc_18
Vaults:3: vaults_room_grid, vaults_room_stairs_pillars, vaults_room_semicircle,
          v_misc_33, vaults_room_door_ring, vaults_room_large_hall,
          hangedman_vaults_river_flow, ontoclasm_vaults_ligature,
          nicolae_vaults_asterisk, uniq_frederick
Vaults:4: ontoclasm_vaults_eye, nicolae_vaults_hallways_thing, v_pattern_2,
          nicolae_vaults_windows_and_doors_thing, st_greater_box_3, v_misc_23,
          nicolae_vaults_ring_of_whatevers, vaults_mumra_chevron_long,
          hangedman_vaults_stream, vaults_room_door_ring,
          hangedman_vaults_slither, vaults_dpeg_diagonal, v_misc_1,
          ontoclasm_vaults_twist, vaults_dpeg_ring, uniq_sojobo
Depths:1: enter_ziggurat_f, pf_vacation_house_of_asmodeus, serial_shops,
          bzr_entry_road, grunt_decor_arrowhead, abyss_entry,
          wad_floor_pattern_1, minmay_misc_feat_iff,
          hangedman_abyss_or_decor_passed
Depths:2: minmay_box_of_statues, pan_entry, abyss_entry_flame_altar,
          hangedman_tar_grid_catacomb, infiniplex_staircase_star
Depths:3: hourglass_vault, grunt_pan_entry_spiral, hell_entry, kennysheep_boxes,
          ashenzari_altar_1, minmay_shoptagon
Depths:4: minmay_mutant_horseshoe, minmay_misc_feat_tower,
          abyss_entry_small_statue_room, hell_entry, grunt_decor_clamped,
          infiniplex_staircase_pillars_3a, serial_bayou_shore_b,
          serial_bayou_shore_b, uniq_enchantress
Depths:5: evilmike_zot_entry_round, hell_entry, hangedman_abyss_entry_splay,
          grunt_decor_resistance, grunt_decor_cap
Zot:2:    grunt_ministairs_9
Zot:3:    grunt_ministairs_6
Zot:4:    nicolae_transmutations_shop, basic_stair_grate_trap
Zot:5:    hangedman_zot_decor_checkerboard
Abyss:2:  evilmike_abyss_exit_smiterflies, evilmike_abyss_exit_chaos,
          hangedman_shadowy_showcase
Abyss:3:  evilmike_abyss_exit_glass, hangedman_elemental_corridor
Abyss:4:  evilmike_abyss_exit_smiterflies, evilmike_abyss_exit_10,
          gammafunk_abyss_rune_reverse_zot, lemuel_flamethrower_2
Bazaar:   bazaar_minmay_cross
Trove:    trove_garden
Ossuary:  ossuary_tomb_3

Table legend:
 A = Turns spent in this place as a percentage of turns spent in the entire game.
 B = Non-inter-level travel turns spent in this place as a percentage of non-inter-level travel turns spent in the entire game.
 C = Inter-level travel turns spent in this place as a percentage of turns spent in this place.
 D = Turns resting spent in this place as a percentage of non-inter-level travel turns spent in this place.
 E = Turns spent auto-exploring this place as a percentage of non-inter-level travel turns spent in this place.
 F = Non-inter-level travel turns spent in this place divided by the number of levels of this place that you've seen.
                   A       B       C       D       E      F
               +-------+-------+-------+-------+-------+----------------------
         Total | 100.0 | 100.0 |   0.6 |   2.1 |   9.0 | 372.6
       Dungeon |  22.0 |  21.9 |   1.1 |   2.7 |  12.2 | 294.3
          Lair |   9.6 |   9.6 |   0.8 |   2.9 |   7.4 | 321.2
         Swamp |   6.2 |   6.2 |   0.9 |   2.7 |   7.7 | 311.0
   Spider Nest |   7.5 |   7.5 |   0.7 |   1.9 |   8.2 | 377.0
  Orcish Mines |   6.0 |   6.0 |   0.6 |   1.6 |  14.3 | 605.0
   Elven Halls |   7.1 |   7.1 |   0.6 |   2.0 |   6.4 | 478.0
        Vaults |  12.1 |  12.1 |   0.2 |   2.1 |  10.3 | 609.8
        Depths |  12.0 |  12.1 |   0.5 |   1.6 |   9.1 | 485.6
           Zot |  12.0 |  12.1 |   0.3 |   1.8 |   6.1 | 486.4
         Abyss |   4.4 |   4.5 |   0.0 |   1.1 |   2.1 | 298.7
        Bazaar |   0.2 |   0.2 |   0.0 |   0.0 |   0.0 |  50.0
         Trove |   0.3 |   0.3 |   0.0 |   0.0 |   0.0 |  67.0
       Ossuary |   0.4 |   0.4 |   0.0 |   0.0 |  15.1 |  73.0
               +-------+-------+-------+-------+-------+----------------------

Table legend:
 A = Kills in this place as a percentage of kills in entire the game.
 B = Kills by you in this place as a percentage of kills by you in the entire game.
 C = Kills by friends in this place as a percentage of kills by friends in the entire game.
 D = Other kills in this place as a percentage of other kills in the entire game.
 E = Experience gained in this place as a percentage of experience gained in the entire game.
 F = Experience gained in this place divided by the number of levels of this place that you have seen.
                   A       B       C       D       E      F
               +-------+-------+-------+-------+-------+----------------------
         Total | 100.0 | 100.0 | 100.0 | 100.0 | 100.0 | 24593.8
       Dungeon |  21.3 |  21.5 |  16.8 |  23.1 |   5.5 | 4910.9
          Lair |   6.5 |   6.3 |  11.9 |   0.0 |   3.1 | 6961.0
         Swamp |   6.7 |   7.1 |   0.0 |   3.8 |   5.3 | 17480.8
   Spider Nest |  10.0 |  10.2 |   6.9 |   0.0 |   7.3 | 24105.5
  Orcish Mines |   8.9 |   9.1 |   6.9 |   3.8 |   2.3 | 15545.0
   Elven Halls |   5.6 |   5.3 |   8.9 |  19.2 |   8.5 | 37816.3
        Vaults |  14.6 |  14.6 |  10.9 |  30.8 |  17.0 | 56281.5
        Depths |  13.1 |  12.9 |  18.8 |  11.5 |  18.7 | 49708.8
           Zot |   8.6 |   8.3 |  15.8 |   7.7 |  28.4 | 75416.6
         Abyss |   3.9 |   4.0 |   3.0 |   0.0 |   3.8 | 16948.3
       Ossuary |   0.7 |   0.7 |   0.0 |   0.0 |   0.0 | 154.0
               +-------+-------+-------+-------+-------+----------------------
